Workbook
Name Si: '1-Scheda individuale'!$J$47

Sheet 1-Scheda individuale
A2: FEDERAZIONE ITALIANA SPORT EQUESTRI
B4: COLLABORAZIONE SPORTIVA DILETTANTISTICA - riforma D.lgs. 36/2021
B6: Cognome Nome: | C6: Marco Rossi
B8: Luogo di nascita: | C8: Roma
B10: Data di nascita (dd/mm/aaaa) | C10: dd/mm/aaaa
B12: Codice Fiscale | C12: XXXYYYNNZNNH501T
B14: IBAN | C14: IT…..................
B16: Titolare c/c | C16: Marco Rossi
B18: Email | C18: …...................@gmail .com
B20: Cellulare | C20: 366/…...............
B22: Numero tessera FISE | C22: …...................
B24: Incarico: | C24: Istruttore/atleta/direttore tecnico
B26: Anno: | D26: 2024
B28: Periodo: | D28: Trimestrale
B30: Durata contratto | C30: dal | D30: 45292 | E30: al | F30: 45657
B32: Calcolo detrazioni per lavoro dipendente: | D32: Si
B34: Dipendente pubblico | D34: No | E34: Autorizzazione | F34: No
B36: Altra previdenza obbligatoria/titolare di pensione diretta: | D36: No
B39: Indirizzo di residenza | C39: Via/Piazza …............ N. xxxxx
B41: Comune Residenza : | C41: ROMA | F41: =+IF(C41<>"",INDEX('4-Add.Comunali'!A:A,MATCH(C41,'4-Add.Comunali'!B:B,0),0),"") -> H501
B43: Regione Residenza : | C43: REGIONE LAZIO
B45: Regione lavoro : | C45: REGIONE LAZIO
B48: Compenso sportivo lordo per il periodo ex D.Lgs. n. 26/2021 (A): | F48: 1000
B50: Altri redditi (B):
B52: Compenso IRPEF esente già percepito (*)
B54: Compenso INPS esente già percepito (*)
B56: Ritenute INPS (C) | F56: =IF(F48<>"0",PRODUCT(('2-Prospetto'!G6+'2-Prospetto'!G12),-1),"") -> 0
B58: Ritenute IRPEF+Add.li (D) | F58: =IF(F48<>"0",PRODUCT('2-Prospetto'!G57,-1),"") -> 0
B60: Compenso sportivo netto per il periodo: | F60: =IF(F50<>0,0,'2-Prospetto'!G59) -> 1000
B63: Costo azienda per il periodo per Compenso sportivo: | F63: =IF(C41<>"",SUM('2-Prospetto'!G23),"") -> 1000
B66: Reddito complessivo netto con detrazioni , se presenti, per il periodo: | F66: =+IF(D32="NO",+'2-Prospetto'!G59,'2-Prospetto'!S40) -> 1000
B68: Data | F68: Firma
B69: _______________________ | F69: __________________
B72: * Indicare il compenso esente percepito dal 01 gennaio alla data odierna escluso il compenso oggetto della presente richiesta

Sheet 2-Prospetto
H1: Importi esenti
B2: a) | C2: Compenso Imponibile contributivo | G2: =+'1-Scheda individuale'!$F$48:$F$48 -> 1000 | H2: {=+'1-Scheda individuale'!F52:G52} -> 0 | I2: 0
D3: Riduzione MAX | J3: Altra Previd.Obblig.
D4: 5000 | F4: 1 | G4: =+VLOOKUP('1-Scheda individuale'!D26,'6-VARIABILI'!A:B,2,FALSE) -> 0.5
B5: b) | C5: Imponibile INPS (Max.€.120.607 - 5.000) 50% fino al 31/12/2027 | D5: =IF((D4-H5)<0,0,(D4-H5)) -> 5000 | E5: 120607 | F5: =+IF(G2-D5<0,0,IF(G2-D5>E5,E5-D5,G2-D5)) -> 0 | G5: =+IF(G2-D5<0,0,IF(G2-D5>E5,E5-D5,G2-D5)*VLOOKUP('1-Scheda individuale'!D26,'6-VARIABILI'!A:B,2,FALSE)) -> 0 | H5: {=+'1-Scheda individuale'!F54:F54} -> 0 | J5: No | K5: Si
B6: bI) | C6: INPS c/dipendente 1/3 | E6: =IF('1-Scheda individuale'!$D$36="Si",K6,J6) -> 0.083333333 | F6: =IF('1-Scheda individuale'!$D$36="Si",0,2.03%/3) -> 0.0067666667 | G6: =+$E$6*G5+$F$5*F6 -> 0 | J6: =((25%)/3) -> 0.083333333 | K6: =((24%)/3) -> 0.08
B7: bII) | C7: INPS c/azienda 2/3 | E7: =IF('1-Scheda individuale'!$D$36="Si",K7,J7) -> 0.16666667 | F7: =IF('1-Scheda individuale'!$D$36="Si",0,2.03%*2/3) -> 0.013533333 | G7: =+$E$7*G5+$F$5*F7 -> 0 | J7: =((25%)/3*2) -> 0.16666667 | K7: =((24%)/3*2) -> 0.16
B8: bIII) | C8: Totale INPS (b + c = 3/3) | E8: =SUM(E6:E7) -> 0.25 | F8: =SUM(F6:F7) -> 0.0203 | G8: =+SUM(G6:G7) -> 0 | J8: =SUM(J6:J7) -> 0.25 | K8: =SUM(K6:K7) -> 0.24
D10: Min | E10: Max | F10: Counter
B11: c) | C11: Imponibile INAIL | D11: 17780.7 | E11: 33021.3 | F11: =IF(G2>E11,E11,G2) -> 1000 | G11: =IF(F11<D11,D11,F11) -> 17780.7 | I11: Non gestito
B12: cI) | C12: INAIL c/dipendente 1/3 | E12: =(0.079/3)*0 -> 0 | G12: =+E12*G11 -> 0
B13: cII) | C13: INAIL c/azienda 2/3 | E13: =(0.079/3*2)*0 -> 0 | G13: =+E13*G11 -> 0
B14: cIII) | C14: Totale INAIL (b + c = 3/3) | E14: =SUM(E12:E13) -> 0 | G14: =+G12+G13 -> 0
D15: Riduzione MAX
D16: 15000 | J16: Altri redditi
B17: d) | C17: Imponibile Fiscale (a - bI - cI - 15.000 + Altri redditi) | D17: Esenzione effett. | E17: =+IF((+D16-H17)<0,0,(D16-H17)) -> 15000 | G17: =IF((G2-G6-G12-E17)>0,G2-G6-G12-E17,0)+J17 -> 0 | H17: {=+'1-Scheda individuale'!F52:F52} -> 0 | J17: =+'1-Scheda individuale'!$F$50:$F$50 -> 0
B19: d.1) | C19: Compenso Imponibile IRAP | D19: Esenzione | E19: 85000 | G19: =IF(G2-E19>0,G2-E19,0) -> 0
C21: IRAP | E21: =+VLOOKUP('1-Scheda individuale'!$C$43,'5-IRAP'!$A:$D,4,FALSE) -> 0.0482 | G21: =+E21*G19 -> 0
J22: 2024 | Q22: 365
B23: e) | C23: Totale costo azienda (a + bII + cII) | G23: =SUM(G2,G7,G13,G21) -> 1000 | N23: Detraz | O23: Min Tdet | P23: Min Indet | Q23: Giorni | R23: Detrazione | S23: Molttipilicatore
L24: Detrazioni 2026
C25: Fascia Esenzione | D25: 0 | E25: 15000 | F25: 0.23 | G25: =IF(AND(NOT(ISERROR(J25)),F25>0),PRODUCT(J25,F25),0) -> 0 | J25: =+IF(E25<$G$17,E25-D25,IF($G$17-SUM($J$24:J24)>E25-D25,E25-D25,$G$17-SUM($J$24:J24))) -> 0 | L25: 0 | M25: 15000 | N25: 1955 | O25: 1380 | P25: 690 | Q25: =+IF('1-Scheda individuale'!$D$28="AnnualE",365,IF('1-Scheda individuale'!$D$28="Semestrale",180,IF('1-Scheda individuale'!$D$28="Trimestrale",90,30))) -> 90 | R25: =+IF(N25*Q25/Q22<O25,O25,N25*Q25/Q22)*S25 -> 1380 | S25: =+IF(G26<>0,0,1) -> 1
C26: Fascia 1 | D26: 15000.01 | E26: 28000 | F26: 0.23 | G26: =IF(AND(NOT(ISERROR(J26)),F26>0),PRODUCT(J26,F26),0) -> 0 | J26: =+IF(E26<$G$17,E26-D26,IF($G$17-SUM($J$24:J25)>E26-D26,E26-D26,$G$17-SUM($J$24:J25))) -> 0 | L26: 15000.01 | M26: 28000 | N26: 1910 | O26: 0 | P26: 0 | R26: =+((1910+(1190*((28000-G17)/13000)))*S26)*Q25/Q22 -> 0 | S26: =+IF(G27<>0,0,1)*T26 -> 0 | T26: =+IF(G26=0,0,1) -> 0
C27: Fascia 2 | D27: 28000.01 | E27: 50000 | F27: 0.33 | G27: =IF(AND(NOT(ISERROR(J27)),F27>0),PRODUCT(J27,F27),0) -> 0 | J27: =+IF(E27<$G$17,E27-D27,IF($G$17-SUM($J$24:J26)>E27-D27,E27-D27,$G$17-SUM($J$24:J26))) -> 0 | L27: 28000.01 | M27: 50000 | N27: 1910 | O27: 0 | P27: 0 | R27: =+((1910*(((50000-G17)/22000)*S27))*Q25/Q22) -> 0 | S27: =+IF(G28<>0,0,1)*T27 -> 0 | T27: =+IF(G27=0,0,1) -> 0
C28: Fascia 3 | D28: 50000.01 | E28: 999999 | F28: 0.43 | G28: =IF(AND(NOT(ISERROR(J28)),F28>0),PRODUCT(J28,F28),0) -> 0 | J28: =+IF(E28<$G$17,E28-D28,IF($G$17-SUM($J$24:J27)>E28-D28,E28-D28,$G$17-SUM($J$24:J27))) -> 0 | L28: 50000.01 | M28: 999999 | N28: 0 | O28: 0 | P28: 0 | R28: 0 | S28: =+IF(G29<>0,0,1)*T28 -> 0 | T28: =+IF(G28=0,0,1) -> 0
C29: Ritenuta Nazionale | G29: =+SUM(G25:G28) -> 0 | J29: =SUM(J25:J28) -> 0 | Q29: Tot Detraz | R29: =SUM(R25:R28) -> 1380
J30: =+J29-G17 -> 0 | K30: Check | N30: Ulteriore detraz. | R30: =+IF(AND(G17<=35000,G17>=25000),65,0) -> 0
C31: Comune | D31: =+'1-Scheda individuale'!C41 -> ROMA
C32: Codice catastale | D32: =+INDEX('4-Add.Comunali'!A:A,MATCH(D31,'4-Add.Comunali'!B:B,0),0) -> H501 | N32: Totale detrazione | R32: =SUM(R29:R30) -> 1380
C33: Tipologia | D33: =+VLOOKUP(D32,'4-Add.Comunali'!A:AH,8) -> SI
K34: Limite Max
B35: 10 | C35: Fascia 1 | E35: {=IF(D33="SI",IFERROR(LOOKUP(1E+100,--MID(L35,SMALL(FIND({0,1,2,3,4,5,6,7,8,9},L35&"0123456789"),1),ROW(INDIRECT("1:"&LEN(L35))))),""),999999)} -> 14000 | F35: =+VLOOKUP($D$32,'4-Add.Comunali'!A:AH,(B35-1))/100 -> 0 | G35: =IF($D$33<>"0*",IF(AND(NOT(ISERROR(J35)),F35>0),PRODUCT(J35,F35),0),0) -> 0 | J35: =+IF(E35<G17,E35,G17) -> 0 | K35: {=IFERROR(LOOKUP(1E+100,--MID(L35,SMALL(FIND({0,1,2,3,4,5,6,7,8,9},L35&"0123456789"),1),ROW(INDIRECT("1:"&LEN(L35))))),"")} -> 14000 | L35: =IFERROR(VLOOKUP($D$32,'4-Add.Comunali'!A:V,B35,1),0) -> Esenzione per redditi imponibili fino a euro 14.000,00 | N35: Detrazioni | S35: =+IF('1-Scheda individuale'!D32="Si",+'2-Prospetto'!R32,0) -> 1380
B36: =+B35+2 -> 12 | C36: Fascia 2 | D36: =+E35 -> 14000 | E36: =IF(K37=0,999999,K37) -> 999999 | F36: =+VLOOKUP($D$32,'4-Add.Comunali'!A:AH,(B36-1))/100 -> 0.009 | G36: =IF($D$33<>"0*",IF(AND(NOT(ISERROR(J36)),F36>0),PRODUCT(J36,F36),0),0) -> 0 | J36: =+IF(IF(SUM($E$35:E36)<$G$17,E36,$G$17-SUM($E$35:E35))<0,0,IF(SUM($E$35:E36)<$G$17,E36,$G$17-SUM($E$35:E35))) -> 0 | K36: {=IFERROR(LOOKUP(1E+100,--MID(L36,SMALL(FIND({0,1,2,3,4,5,6,7,8,9},L36&"0123456789"),1),ROW(INDIRECT("1:"&LEN(L36))))),"")} | L36: =IFERROR(VLOOKUP($D$32,'4-Add.Comunali'!A:V,B36,1),0) -> Aliquota unica | N36: Detrazioni Cuneo 2026 | S36: =+Q72 -> 0
B37: =+B36+2 -> 14 | C37: Fascia 3 | D37: =+E36 -> 999999 | E37: =IF(K38=0,999999,K38) -> 999999 | F37: =+VLOOKUP($D$32,'4-Add.Comunali'!A:AH,(B37-1))/100 -> 0 | G37: =IF($D$33<>"0*",IF(AND(NOT(ISERROR(J37)),F37>0),PRODUCT(J37,F37),0),0) -> 0 | J37: =+IF(IF(SUM($E$35:E37)<$G$17,E37,$G$17-SUM($E$35:E36))<0,0,IF(SUM($E$35:E37)<$G$17,E37,$G$17-SUM($E$35:E36))) -> 0 | K37: {=IFERROR(LOOKUP(1E+100,--MID(L37,SMALL(FIND({0,1,2,3,4,5,6,7,8,9},L37&"0123456789"),1),ROW(INDIRECT("1:"&LEN(L37))))),"")} -> 0 | L37: =IFERROR(VLOOKUP($D$32,'4-Add.Comunali'!A:V,B37,1),0) -> 0 | N37: Ritenuta irpef periodo netto detrazioni | S37: =+'1-Scheda individuale'!F58+S35+S36 -> 1380
B38: =+B37+2 -> 16 | C38: Fascia 4 | D38: =+E37 -> 999999 | E38: =IF(K39=0,999999,K39) -> 999999 | F38: =+VLOOKUP($D$32,'4-Add.Comunali'!A:AH,(B38-1))/100 -> 0 | G38: =IF($D$33<>"0*",IF(AND(NOT(ISERROR(J38)),F38>0),PRODUCT(J38,F38),0),0) -> 0 | J38: =+IF(IF(SUM($E$35:E38)<$G$17,E38,$G$17-SUM($E$35:E37))<0,0,IF(SUM($E$35:E38)<$G$17,E38,$G$17-SUM($E$35:E37))) -> 0 | K38: {=IFERROR(LOOKUP(1E+100,--MID(L38,SMALL(FIND({0,1,2,3,4,5,6,7,8,9},L38&"0123456789"),1),ROW(INDIRECT("1:"&LEN(L38))))),"")} -> 0 | L38: =IFERROR(VLOOKUP($D$32,'4-Add.Comunali'!A:V,B38,1),0) -> 0 | N38: Detrazione periodo considerata | S38: =+IF(S37<0,S35+S36,0) -> 0
B39: =+B38+2 -> 18 | C39: Fascia 5 | D39: =+E38 -> 999999 | E39: =IF(K40=0,999999,K40) -> 999999 | F39: =+VLOOKUP($D$32,'4-Add.Comunali'!A:AH,(B39-1))/100 -> 0 | G39: =IF($D$33<>"0*",IF(AND(NOT(ISERROR(J39)),F39>0),PRODUCT(J39,F39),0),0) -> 0 | J39: =+IF(IF(SUM($E$35:E39)<$G$17,E39,$G$17-SUM($E$35:E38))<0,0,IF(SUM($E$35:E39)<$G$17,E39,$G$17-SUM($E$35:E38))) -> 0 | K39: {=IFERROR(LOOKUP(1E+100,--MID(L39,SMALL(FIND({0,1,2,3,4,5,6,7,8,9},L39&"0123456789"),1),ROW(INDIRECT("1:"&LEN(L39))))),"")} -> 0 | L39: =IFERROR(VLOOKUP($D$32,'4-Add.Comunali'!A:V,B39,1),0) -> 0 | N39: Compenso netto per il periodo: | R39: =IF('1-Scheda individuale'!C41<>"",SUM('2-Prospetto'!G59),"") -> 1000
B40: =+B39+2 -> 20 | C40: Fascia 6 | D40: =+E39 -> 999999 | E40: =IF(K41=0,999999,K41) -> 999999 | F40: =+VLOOKUP($D$32,'4-Add.Comunali'!A:AH,(B40-1))/100 -> 0 | G40: =IF($D$33<>"0*",IF(AND(NOT(ISERROR(J40)),F40>0),PRODUCT(J40,F40),0),0) -> 0 | J40: =+IF(IF(SUM($E$35:E40)<$G$17,E40,$G$17-SUM($E$35:E39))<0,0,IF(SUM($E$35:E40)<$G$17,E40,$G$17-SUM($E$35:E39))) -> 0 | K40: {=IFERROR(LOOKUP(1E+100,--MID(L40,SMALL(FIND({0,1,2,3,4,5,6,7,8,9},L40&"0123456789"),1),ROW(INDIRECT("1:"&LEN(L40))))),"")} -> 0 | L40: =IFERROR(VLOOKUP($D$32,'4-Add.Comunali'!A:V,B40,1),0) -> 0 | N40: Compenso netto detrazioni per il periodo: | S40: =+'2-Prospetto'!R39+'2-Prospetto'!S38 -> 1000
B41: =+B40+2 -> 22 | C41: Fascia 7 | D41: =+E40 -> 999999 | E41: =IF(K42=0,999999,K42) -> 999999 | F41: =+VLOOKUP($D$32,'4-Add.Comunali'!A:AH,(B41-1))/100 -> 0 | G41: =IF($D$33<>"0*",IF(AND(NOT(ISERROR(J41)),F41>0),PRODUCT(J41,F41),0),0) -> 0 | J41: =+IF(IF(SUM($E$35:E41)<$G$17,E41,$G$17-SUM($E$35:E40))<0,0,IF(SUM($E$35:E41)<$G$17,E41,$G$17-SUM($E$35:E40))) -> 0 | K41: {=IFERROR(LOOKUP(1E+100,--MID(L41,SMALL(FIND({0,1,2,3,4,5,6,7,8,9},L41&"0123456789"),1),ROW(INDIRECT("1:"&LEN(L41))))),"")} -> 0 | L41: =IFERROR(VLOOKUP($D$32,'4-Add.Comunali'!A:V,B41,1),0) -> 0
C42: Ritenuta Comunale | G42: =+SUM(G35:G41) -> 0 | J42: =SUM(J35:J41) -> 0
J43: =+J42-G17 -> 0 | K43: Check
C44: Regione | D44: =+'1-Scheda individuale'!C43 -> REGIONE LAZIO | J44: https://www1.finanze.gov.it/finanze2/dipartimentopolitichefiscali/fiscalitalocale/addirpef_newDF/download/tabella.htm
C45: Tipologia aliquota | D45: =+IF(TRIM(VLOOKUP(D44,'3-Add.Regionali'!B:I,8,FALSE))="Aliquota Unica","Aliquota Unica","Aliquota a fasce") -> Aliquota a fasce
C47: Fascia unica | F47: =+IF(D45="Aliquota unica",SUBSTITUTE(VLOOKUP(D44,'3-Add.Regionali'!B:H,7,FALSE),".",","))% -> 0 | G47: =+$G$17*F47 -> 0
C50: Fascia Esenzione | D50: =+D25 -> 0 | E50: =+E25 -> 15000 | F50: =+IFERROR(IF($D$45="Aliquota a fasce",SUBSTITUTE(INDEX('3-Add.Regionali'!$H:$H,MATCH(CONCATENATE('2-Prospetto'!$D$44,"-",'2-Prospetto'!K50),'3-Add.Regionali'!$J:$J,0)),".",","),"")%,F47) -> 0.0173 | G50: =+J50*F50 -> 0 | J50: =+IF(E50<$G$17,E50-D50,IF($G$17-SUM($J$49:J49)>E50-D50,E50-D50,$G$17-SUM($J$49:J49))) -> 0 | K50: fino a 15000.00 euro
C51: Fascia 1 | D51: =+D26 -> 15000.01 | E51: =+E26 -> 28000 | F51: =+IFERROR(IF($D$45="Aliquota a fasce",SUBSTITUTE(INDEX('3-Add.Regionali'!$H:$H,MATCH(CONCATENATE('2-Prospetto'!$D$44,"-",'2-Prospetto'!K51),'3-Add.Regionali'!$J:$J,0)),".",","),"")%,F47) -> 0.0333 | G51: =+J51*F51 -> 0 | J51: =+IF(E51<$G$17,E51-D51,IF($G$17-SUM($J$49:J50)>E51-D51,E51-D51,$G$17-SUM($J$49:J50))) -> 0 | K51: oltre 15000.00 e fino a 28000.00 euro
C52: Fascia 2 | D52: =+D27 -> 28000.01 | E52: =+E27 -> 50000 | F52: =+IFERROR(IF($D$45="Aliquota a fasce",SUBSTITUTE(INDEX('3-Add.Regionali'!$H:$H,MATCH(CONCATENATE('2-Prospetto'!$D$44,"-",'2-Prospetto'!K52),'3-Add.Regionali'!$J:$J,0)),".",","),"")%,F47) -> 0.0333 | G52: =+J52*F52 -> 0 | J52: =+IF(E52<$G$17,E52-D52,IF($G$17-SUM($J$49:J51)>E52-D52,E52-D52,$G$17-SUM($J$49:J51))) -> 0 | K52: oltre 28000.00 e fino a 50000.00 euro
C53: Fascia 3 | D53: =+D28 -> 50000.01 | E53: =+E28 -> 999999 | F53: =+IFERROR(IF($D$45="Aliquota a fasce",SUBSTITUTE(INDEX('3-Add.Regionali'!$H:$H,MATCH(CONCATENATE('2-Prospetto'!$D$44,"-",'2-Prospetto'!K53),'3-Add.Regionali'!$J:$J,0)),".",","),"")%,F47) -> 0.0333 | G53: =+J53*F53 -> 0 | J53: =+IF(E53<$G$17,E53-D53,IF($G$17-SUM($J$49:J52)>E53-D53,E53-D53,$G$17-SUM($J$49:J52))) -> 0 | K53: oltre 50000.00 euro
J54: =SUM(J50:J53) -> 0
C55: Ritenuta Regionale | G55: =+SUM(G49:G54) -> 0 | J55: =+J54-G17 -> 0 | K55: Check
B57: f) | C57: Ritenute fiscali (IRPEF+Add.li) | G57: =+G55+G42+G29 -> 0 | J57: https://www1.finanze.gov.it/finanze2/dipartimentopolitichefiscali/fiscalitalocale/addregirpef/download/tabella.htm
B59: g) | C59: Netto busta paga (a - bI - cI - f) | G59: =SUM(G2,J17,G6*-1,G12*-1,G57*-1) -> 1000 | H59: Incluso Altri redditi
P60: 365
M61: Detraz | N61: DetCuneo | O61: DetCuneo>20k | P61: Giorni | Q61: Detrazione | R61: Molttipilicatore
J62: 2025 | K62: Detrazioni 2025 | L62: CUNEO CONTRIBUTIVO 2026 | R62: Cuneo <20K | S62: Cuneo >20k
J63: =+IF($G$17<L63,$G$17,0)*R63 -> 0 | K63: 0 | L63: 8499 | M63: 0.071 | N63: =+J63 -> 0 | O63: 0 | P63: =+Q25 -> 90 | Q63: =+(M63*N63)*$Q$25/$Q$22*R63 -> 0 | R63: =+IF($G$17<K64,1,0) -> 1 | S63: =+IF(R63=0,+IF($G$17<32000,1,IF($G$17>40000,0,1-((40000-$G$17)/8000)))) -> FALSE
J64: =+IF($G$17<L64,$G$17,0)*R64 -> 0 | K64: 8500 | L64: 14499 | M64: 0.053 | N64: =+J64 -> 0 | O64: 0 | Q64: =+(M64*N64)*$Q$25/$Q$22*R64 -> 0 | R64: =+IF($G$17<L63,0,1) -> 0
J65: =+IF($G$17<L65,$G$17,0)*R65 -> 0 | K65: 15000 | L65: 20000 | M65: 0.048 | N65: =+J65 -> 0 | O65: 0 | Q65: =+(M65*N65)*$Q$25/$Q$22*R65 -> 0 | R65: =+IF($G$17<L64,0,1) -> 0
J66: =+IF($G$17<L66,$G$17,0)*R66 -> 0 | K66: 20001 | L66: 32000 | M66: 1000 | N66: =+J66 -> 0 | O66: 0 | Q66: =+IF(N66=0,0,1000)*$S$66*S66 -> 0 | R66: =+IF($G$17<L65,0,1) -> 0 | S66: =+IF(N66>40000,0,1) -> 1
J67: =+IF($G$17<L67,$G$17,0)*R67 -> 0 | K67: 32001 | L67: 40000 | M67: 1000 | N67: =+J67 -> 0 | O67: 0 | Q67: =+IF(N67=0,0,1000)*$S$67*S67 -> 0 | R67: =+IF($G$17<L66,0,1) -> 0 | S67: =+IF(N67>40000,0,1) -> 1
O68: Detrazione oltre i 20K
J69: =SUM(J63:J67) -> 0 | P69: Tot Detraz | Q69: =SUM(Q63:Q68) -> 0
J70: =+J69-G17 -> 0
J71: Check
M72: Totale detrazione | Q72: =SUM(Q69:Q70) -> 0

Sheet 3-Add.Regionali
A1: ANNO | B1: REGIONE | C1: NUMERO | D1: DATA PUBBLICAZIONE | E1: DISPOSIZIONE | F1: NORME | G1: NOTE | H1: ALIQUOTA | I1: FASCIA | J1: Concatena
A2: 2025 | B2: REGIONE LAZIO | C2: 1887 | D2: 45723 | E2: Disapplicazione della maggiorazione di cui all' articolo 2, comma 1, l.r. 1/2023, pari all' 1,60%, per i soggetti con un reddito imponibile ai fini dell'addizionale regionale all' IRPEF fino a 28.000,00 euro (art. 2, co. 2, L.R. 22/2024) Detrazione pari a 60,00 euro per i soggetti con un reddito imponibile ai fini dell'addizionale regionale all' IRPEF compreso tra 28.001 e 35.000,00 euro (art. 2, co. 3, L.R. 22/2024). | F2: legge regionale n. 22 del 30 dicembre 2024 | H2: 1.73 | I2: fino a 15000.00 euro | J2: =+CONCATENATE(B2,"-",I2) -> REGIONE LAZIO-fino a 15000.00 euro
A3: 2025 | B3: REGIONE LAZIO | C3: 1887 | D3: 45723 | E3: Disapplicazione della maggiorazione di cui all' articolo 2, comma 1, l.r. 1/2023, pari all' 1,60%, per i soggetti con un reddito imponibile ai fini dell'addizionale regionale all' IRPEF fino a 28.000,00 euro (art. 2, co. 2, L.R. 22/2024) Detrazione pari a 60,00 euro per i soggetti con un reddito imponibile ai fini dell'addizionale regionale all' IRPEF compreso tra 28.001 e 35.000,00 euro (art. 2, co. 3, L.R. 22/2024). | F3: legge regionale n. 22 del 30 dicembre 2024 | H3: 3.33 | I3: oltre 15000.00 e fino a 28000.00 euro | J3: =+CONCATENATE(B3,"-",I3) -> REGIONE LAZIO-oltre 15000.00 e fino a 28000.00 euro
A4: 2025 | B4: REGIONE LAZIO | C4: 1887 | D4: 45723 | E4: Disapplicazione della maggiorazione di cui all' articolo 2, comma 1, l.r. 1/2023, pari all' 1,60%, per i soggetti con un reddito imponibile ai fini dell'addizionale regionale all' IRPEF fino a 28.000,00 euro (art. 2, co. 2, L.R. 22/2024) Detrazione pari a 60,00 euro per i soggetti con un reddito imponibile ai fini dell'addizionale regionale all' IRPEF compreso tra 28.001 e 35.000,00 euro (art. 2, co. 3, L.R. 22/2024). | F4: legge regionale n. 22 del 30 dicembre 2024 | H4: 3.33 | I4: oltre 28000.00 e fino a 50000.00 euro | J4: =+CONCATENATE(B4,"-",I4) -> REGIONE LAZIO-oltre 28000.00 e fino a 50000.00 euro
A5: 2025 | B5: REGIONE LAZIO | C5: 1887 | D5: 45723 | E5: Disapplicazione della maggiorazione di cui all' articolo 2, comma 1, l.r. 1/2023, pari all' 1,60%, per i soggetti con un reddito imponibile ai fini dell'addizionale regionale all' IRPEF fino a 28.000,00 euro (art. 2, co. 2, L.R. 22/2024) Detrazione pari a 60,00 euro per i soggetti con un reddito imponibile ai fini dell'addizionale regionale all' IRPEF compreso tra 28.001 e 35.000,00 euro (art. 2, co. 3, L.R. 22/2024). | F5: legge regionale n. 22 del 30 dicembre 2024 | H5: 3.33 | I5: oltre 50000.00 euro | J5: =+CONCATENATE(B5,"-",I5) -> REGIONE LAZIO-oltre 50000.00 euro
A6: 2025 | B6: PROVINCIA AUTONOMA DI BOLZANO | C6: 1907 | D6: 45736 | E6: a) Ai contribuenti aventi un reddito imponibile ai fini dell'addizionale regionale IRPEF non superiore a 90.000,00 euro spetta una detrazione d'imposta di 430,50 euro. b) Per i redditi imponibili di importo superiore a 50.000,00 euro spetta un'ulteriore detrazione determinata dall'importo di 125,00 euro moltiplicato per il rapporto tra il reddito imponibile diminuito di 50.000,00 euro e l'importo di 25.000,00 euro. L'importo massimo detraibile ammonta a 125,00 euro. c) Ai contribuenti con un reddito imponibile ai fini dell'addizionale regionale Irpef non superiore a 90.000 euro e con figli a carico, spetta una detrazione d'imposta di 340,00 euro per ogni figlio in proporzione alla percentuale e ai mesi di carico. | F6: Art. 21/sexiesdecies, legge provinciale 11 agosto 1998, n. 9 | G6: Le detrazioni sono cumulabili ma non generano credito d'imposta. Nella verifica della soglia di 90.000 euro va tenuto conto dei redditi di fabbricati assoggettati alla cedolare secca, dei redditi assoggettati ad imposta sostitutiva sulle mance e dei redditi forfettari degli esercenti impresa, arti o professioni. La detrazione per carichi di famiglia si applica nei limiti reddituali stabiliti dall'art. 12 del DPR 917/1986 anche a figli a carico di eta' inferiore ai 21 e superiore a 30 anni. | H6: 1.23 | I6: fino a 28000.00 euro | J6: =+CONCATENATE(B6,"-",I6) -> PROVINCIA AUTONOMA DI BOLZANO-fino a 28000.00 euro
A7: 2025 | B7: PROVINCIA AUTONOMA DI BOLZANO | C7: 1907 | D7: 45736 | E7: a) Ai contribuenti aventi un reddito imponibile ai fini dell'addizionale regionale IRPEF non superiore a 90.000,00 euro spetta una detrazione d'imposta di 430,50 euro. b) Per i redditi imponibili di importo superiore a 50.000,00 euro spetta un'ulteriore detrazione determinata dall'importo di 125,00 euro moltiplicato per il rapporto tra il reddito imponibile diminuito di 50.000,00 euro e l'importo di 25.000,00 euro. L'importo massimo detraibile ammonta a 125,00 euro. c) Ai contribuenti con un reddito imponibile ai fini dell'addizionale regionale Irpef non superiore a 90.000 euro e con figli a carico, spetta una detrazione d'imposta di 340,00 euro per ogni figlio in proporzione alla percentuale e ai mesi di carico. | F7: Art. 21/sexiesdecies, legge provinciale 11 agosto 1998, n. 9 | G7: Le detrazioni sono cumulabili ma non generano credito d'imposta. Nella verifica della soglia di 90.000 euro va tenuto conto dei redditi di fabbricati assoggettati alla cedolare secca, dei redditi assoggettati ad imposta sostitutiva sulle mance e dei redditi forfettari degli esercenti impresa, arti o professioni. La detrazione per carichi di famiglia si applica nei limiti reddituali stabiliti dall'art. 12 del DPR 917/1986 anche a figli a carico di eta' inferiore ai 21 e superiore a 30 anni. | H7: 1.23 | I7: oltre 28000.00 e fino a 50000.00 euro | J7: =+CONCATENATE(B7,"-",I7) -> PROVINCIA AUTONOMA DI BOLZANO-oltre 28000.00 e fino a 50000.00 euro
A8: 2025 | B8: PROVINCIA AUTONOMA DI BOLZANO | C8: 1907 | D8: 45736 | E8: a) Ai contribuenti aventi un reddito imponibile ai fini dell'addizionale regionale IRPEF non superiore a 90.000,00 euro spetta una detrazione d'imposta di 430,50 euro. b) Per i redditi imponibili di importo superiore a 50.000,00 euro spetta un'ulteriore detrazione determinata dall'importo di 125,00 euro moltiplicato per il rapporto tra il reddito imponibile diminuito di 50.000,00 euro e l'importo di 25.000,00 euro. L'importo massimo detraibile ammonta a 125,00 euro. c) Ai contribuenti con un reddito imponibile ai fini dell'addizionale regionale Irpef non superiore a 90.000 euro e con figli a carico, spetta una detrazione d'imposta di 340,00 euro per ogni figlio in proporzione alla percentuale e ai mesi di carico. | F8: Art. 21/sexiesdecies, legge provinciale 11 agosto 1998, n. 9 | G8: Le detrazioni sono cumulabili ma non generano credito d'imposta. Nella verifica della soglia di 90.000 euro va tenuto conto dei redditi di fabbricati assoggettati alla cedolare secca, dei redditi assoggettati ad imposta sostitutiva sulle mance e dei redditi forfettari degli esercenti impresa, arti o professioni. La detrazione per carichi di famiglia si applica nei limiti reddituali stabiliti dall'art. 12 del DPR 917/1986 anche a figli a carico di eta' inferiore ai 21 e superiore a 30 anni. | H8: 1.73 | I8: oltre 50000.00 euro | J8: =+CONCATENATE(B8,"-",I8) -> PROVINCIA AUTONOMA DI BOLZANO-oltre 50000.00 euro
A9: 2025 | B9: PROVINCIA AUTONOMA DI TRENTO | C9: 1908 | D9: 45736 | E9: Ai contribuenti senza figli a carico aventi un reddito imponibile non superiore a euro 27.000,00 spetta una deduzione di euro 27.000,00. Tale deduzione non spetta ai contribuenti senza figli a carico aventi un reddito imponibile superiore a euro 27.000,00. Ai contribuenti con figli a carico aventi un reddito imponibile non superiore a euro 30.000,00 spetta una deduzione di euro 30.000,00. Tale deduzione non spetta ai contribuenti con figli a carico aventi un reddito imponibile superiore a euro 30.000,00. Ai contribuenti aventi un reddito imponibile non superiore a 50.000 euro spetta una detrazione dall'importo dovuto a titolo di addizionale regionale all'IRPEF di 246 euro, in proporzione alla percentuale e ai mesi di carico, per ogni figlio che si trova nelle condizioni previste dall'articolo 12, comma 2, del D.P.R. n. 917/86. Se l'imposta dovuta risulta minore della detrazione non sorge alcun credito d'imposta. | F9: Articolo 1, commi 2 quinquies, 2 sexies e 3 bis, della legge provinciale 23 dicembre 2019, n. 13, come modificato dall'articolo 2 della legge provinciale 30 dicembre 2024, n. 13. | H9: 1.23 | I9: fino a 15000.00 euro | J9: =+CONCATENATE(B9,"-",I9) -> PROVINCIA AUTONOMA DI TRENTO-fino a 15000.00 euro
A10: 2025 | B10: PROVINCIA AUTONOMA DI TRENTO | C10: 1908 | D10: 45736 | E10: Ai contribuenti senza figli a carico aventi un reddito imponibile non superiore a euro 27.000,00 spetta una deduzione di euro 27.000,00. Tale deduzione non spetta ai contribuenti senza figli a carico aventi un reddito imponibile superiore a euro 27.000,00. Ai contribuenti con figli a carico aventi un reddito imponibile non superiore a euro 30.000,00 spetta una deduzione di euro 30.000,00. Tale deduzione non spetta ai contribuenti con figli a carico aventi un reddito imponibile superiore a euro 30.000,00. Ai contribuenti aventi un reddito imponibile non superiore a 50.000 euro spetta una detrazione dall'importo dovuto a titolo di addizionale regionale all'IRPEF di 246 euro, in proporzione alla percentuale e ai mesi di carico, per ogni figlio che si trova nelle condizioni previste dall'articolo 12, comma 2, del D.P.R. n. 917/86. Se l'imposta dovuta risulta minore della detrazione non sorge alcun credito d'imposta. | F10: Articolo 1, commi 2 quinquies, 2 sexies e 3 bis, della legge provinciale 23 dicembre 2019, n. 13, come modificato dall'articolo 2 della legge provinciale 30 dicembre 2024, n. 13. | H10: 1.23 | I10: oltre 15000.00 e fino a 28000.00 euro | J10: =+CONCATENATE(B10,"-",I10) -> PROVINCIA AUTONOMA DI TRENTO-oltre 15000.00 e fino a 28000.00 euro
A11: 2025 | B11: PROVINCIA AUTONOMA DI TRENTO | C11: 1908 | D11: 45736 | E11: Ai contribuenti senza figli a carico aventi un reddito imponibile non superiore a euro 27.000,00 spetta una deduzione di euro 27.000,00. Tale deduzione non spetta ai contribuenti senza figli a carico aventi un reddito imponibile superiore a euro 27.000,00. Ai contribuenti con figli a carico aventi un reddito imponibile non superiore a euro 30.000,00 spetta una deduzione di euro 30.000,00. Tale deduzione non spetta ai contribuenti con figli a carico aventi un reddito imponibile superiore a euro 30.000,00. Ai contribuenti aventi un reddito imponibile non superiore a 50.000 euro spetta una detrazione dall'importo dovuto a titolo di addizionale regionale all'IRPEF di 246 euro, in proporzione alla percentuale e ai mesi di carico, per ogni figlio che si trova nelle condizioni previste dall'articolo 12, comma 2, del D.P.R. n. 917/86. Se l'imposta dovuta risulta minore della detrazione non sorge alcun credito d'imposta. | F11: Articolo 1, commi 2 quinquies, 2 sexies e 3 bis, della legge provinciale 23 dicembre 2019, n. 13, come modificato dall'articolo 2 della legge provinciale 30 dicembre 2024, n. 13. | H11: 1.23 | I11: oltre 28000.00 e fino a 50000.00 euro | J11: =+CONCATENATE(B11,"-",I11) -> PROVINCIA AUTONOMA DI TRENTO-oltre 28000.00 e fino a 50000.00 euro
A12: 2025 | B12: PROVINCIA AUTONOMA DI TRENTO | C12: 1908 | D12: 45736 | E12: Ai contribuenti senza figli a carico aventi un reddito imponibile non superiore a euro 27.000,00 spetta una deduzione di euro 27.000,00. Tale deduzione non spetta ai contribuenti senza figli a carico aventi un reddito imponibile superiore a euro 27.000,00. Ai contribuenti con figli a carico aventi un reddito imponibile non superiore a euro 30.000,00 spetta una deduzione di euro 30.000,00. Tale deduzione non spetta ai contribuenti con figli a carico aventi un reddito imponibile superiore a euro 30.000,00. Ai contribuenti aventi un reddito imponibile non superiore a 50.000 euro spetta una detrazione dall'importo dovuto a titolo di addizionale regionale all'IRPEF di 246 euro, in proporzione alla percentuale e ai mesi di carico, per ogni figlio che si trova nelle condizioni previste dall'articolo 12, comma 2, del D.P.R. n. 917/86. Se l'imposta dovuta risulta minore della detrazione non sorge alcun credito d'imposta. | F12: Articolo 1, commi 2 quinquies, 2 sexies e 3 bis, della legge provinciale 23 dicembre 2019, n. 13, come modificato dall'articolo 2 della legge provinciale 30 dicembre 2024, n. 13. | H12: 1.73 | I12: oltre 50000.00 euro | J12: =+CONCATENATE(B12,"-",I12) -> PROVINCIA AUTONOMA DI TRENTO-oltre 50000.00 euro
A13: 2025 | B13: REGIONE SICILIA | C13: 1927 | D13: 45736 | F13: D.lgs 15/12/1997 n. 446 art.50, L.R. 2 maggio 2007 n. 12 art. 1, D.L.6/12/2011 n. 201 art.28, L.R. 09-02-2015, n. 4 art.1 c.10-quater, L.R. 11/8/2017 n. 15 art. 8 | H13: 1.23 | I13: Aliquota Unica | J13: =+CONCATENATE(B13,"-",I13) -> REGIONE SICILIA-Aliquota Unica
A14: 2025 | B14: REGIONE PUGLIA | C14: 1947 | D14: 45755 | E14: Detrazioni all'addizionale regionale all'IRPEF per carichi di famiglia. Ai sensi dell'art. 3 della L.R. n. 40 del 29 dicembre 2015, a decorrere dal periodo d'imposta 2016, ai contribuenti con piu' di tre figli a carico spetta una detrazione sull'addizionale regionale all'IRPEF di 20 euro per ciascun figlio, in proporzione alla percentuale e ai mesi di carico, a partire dal primo compresi i figli naturali riconosciuti, adottivi o affidati. La detrazione sopra descritta e' aumentata di 375 euro per ogni figlio con diversa abilita' ai sensi dell'art. 3 della legge 104/1992. Ai fini della spettanza e della ripartizione delle detrazioni si applicano le disposizioni previste dall'art. 12, comma 1, lettera c) e comma 2 del d.p.r. 917/1986. Qualora il livello di reddito e la relativa imposta, calcolata su base familiare, non consente la fruizione delle detrazioni, il soggetto IRPEF usufruisce di misure di sostegno economico diretto equivalenti alle detrazioni spettanti come disciplinate da apposito provvedimento della Giunta regionale. | F14: Normativa Regione Puglia: legge regionale 28 marzo 2022, n.8. art. 3 della legge regionale 29 dicembre 2015, n.40. | H14: 1.33 | I14: fino a 15000.00 euro | J14: =+CONCATENATE(B14,"-",I14) -> REGIONE PUGLIA-fino a 15000.00 euro
A15: 2025 | B15: REGIONE PUGLIA | C15: 1947 | D15: 45755 | E15: Detrazioni all'addizionale regionale all'IRPEF per carichi di famiglia. Ai sensi dell'art. 3 della L.R. n. 40 del 29 dicembre 2015, a decorrere dal periodo d'imposta 2016, ai contribuenti con piu' di tre figli a carico spetta una detrazione sull'addizionale regionale all'IRPEF di 20 euro per ciascun figlio, in proporzione alla percentuale e ai mesi di carico, a partire dal primo compresi i figli naturali riconosciuti, adottivi o affidati. La detrazione sopra descritta e' aumentata di 375 euro per ogni figlio con diversa abilita' ai sensi dell'art. 3 della legge 104/1992. Ai fini della spettanza e della ripartizione delle detrazioni si applicano le disposizioni previste dall'art. 12, comma 1, lettera c) e comma 2 del d.p.r. 917/1986. Qualora il livello di reddito e la relativa imposta, calcolata su base familiare, non consente la fruizione delle detrazioni, il soggetto IRPEF usufruisce di misure di sostegno economico diretto equivalenti alle detrazioni spettanti come disciplinate da apposito provvedimento della Giunta regionale. | F15: Normativa Regione Puglia: legge regionale 28 marzo 2022, n.8. art. 3 della legge regionale 29 dicembre 2015, n.40. | H15: 1.43 | I15: oltre 15000.00 e fino a 28000.00 euro | J15: =+CONCATENATE(B15,"-",I15) -> REGIONE PUGLIA-oltre 15000.00 e fino a 28000.00 euro
A16: 2025 | B16: REGIONE PUGLIA | C16: 1947 | D16: 45755 | E16: Detrazioni all'addizionale regionale all'IRPEF per carichi di famiglia. Ai sensi dell'art. 3 della L.R. n. 40 del 29 dicembre 2015, a decorrere dal periodo d'imposta 2016, ai contribuenti con piu' di tre figli a carico spetta una detrazione sull'addizionale regionale all'IRPEF di 20 euro per ciascun figlio, in proporzione alla percentuale e ai mesi di carico, a partire dal primo compresi i figli naturali riconosciuti, adottivi o affidati. La detrazione sopra descritta e' aumentata di 375 euro per ogni figlio con diversa abilita' ai sensi dell'art. 3 della legge 104/1992. Ai fini della spettanza e della ripartizione delle detrazioni si applicano le disposizioni previste dall'art. 12, comma 1, lettera c) e comma 2 del d.p.r. 917/1986. Qualora il livello di reddito e la relativa imposta, calcolata su base familiare, non consente la fruizione delle detrazioni, il soggetto IRPEF usufruisce di misure di sostegno economico diretto equivalenti alle detrazioni spettanti come disciplinate da apposito provvedimento della Giunta regionale. | F16: Normativa Regione Puglia: legge regionale 28 marzo 2022, n.8. art. 3 della legge regionale 29 dicembre 2015, n.40. | H16: 1.63 | I16: oltre 28000.00 e fino a 50000.00 euro | J16: =+CONCATENATE(B16,"-",I16) -> REGIONE PUGLIA-oltre 28000.00 e fino a 50000.00 euro
A17: 2025 | B17: REGIONE PUGLIA | C17: 1947 | D17: 45755 | E17: Detrazioni all'addizionale regionale all'IRPEF per carichi di famiglia. Ai sensi dell'art. 3 della L.R. n. 40 del 29 dicembre 2015, a decorrere dal periodo d'imposta 2016, ai contribuenti con piu' di tre figli a carico spetta una detrazione sull'addizionale regionale all'IRPEF di 20 euro per ciascun figlio, in proporzione alla percentuale e ai mesi di carico, a partire dal primo compresi i figli naturali riconosciuti, adottivi o affidati. La detrazione sopra descritta e' aumentata di 375 euro per ogni figlio con diversa abilita' ai sensi dell'art. 3 della legge 104/1992. Ai fini della spettanza e della ripartizione delle detrazioni si applicano le disposizioni previste dall'art. 12, comma 1, lettera c) e comma 2 del d.p.r. 917/1986. Qualora il livello di reddito e la relativa imposta, calcolata su base familiare, non consente la fruizione delle detrazioni, il soggetto IRPEF usufruisce di misure di sostegno economico diretto equivalenti alle detrazioni spettanti come disciplinate da apposito provvedimento della Giunta regionale. | F17: Normativa Regione Puglia: legge regionale 28 marzo 2022, n.8. art. 3 della legge regionale 29 dicembre 2015, n.40. | H17: 1.85 | I17: oltre 50000.00 euro | J17: =+CONCATENATE(B17,"-",I17) -> REGIONE PUGLIA-oltre 50000.00 euro
A18: 2025 | B18: REGIONE SARDEGNA | C18: 1948 | D18: 45755 | E18: Anche per l'anno d'imposta 2025 ai soggetti aventi un reddito imponibile ai fini dell'addizionale regionale all'IRPEF non superiore a euro 50.000 e con figli minorenni fiscalmente a carico con un reddito complessivo uguale o inferiore a 4.000 euro, al lordo degli oneri deducibili, spetta una detrazione di euro 200 per ogni figlio minorenne, in proporzione alla percentuale e ai mesi a carico. Se l'imposta dovuta e' minore della detrazione non sorge alcun credito d'imposta. La detrazione e' aumentata di euro 100 per ogni figlio con diversa abilita' ai sensi della legge n. 104 del 1992. | F18: D.L. 201/2011, art. 28. L.R.48/2018, art.2, comma 1 e comma 1 bis. L. 234/2021, art. 1, comma 2, lett. a). L.R. 11 luglio 2022, n. 13, art. 1. | G18: Ai fini delle agevolazioni previste dalla L.R. 48/2018, art. 2, per 'minorenni fiscalmente a carico' si intendono i soggetti minori di anni 18 con un reddito complessivo uguale o inferiore a 4.000 euro, al lordo degli oneri deducibili. | H18: 1.23 | I18: Aliquota Unica | J18: =+CONCATENATE(B18,"-",I18) -> REGIONE SARDEGNA-Aliquota Unica
A19: 2025 | B19: REGIONE CALABRIA | C19: 1949 | D19: 45755 | F19: ART.1 L.R. N.30 DEL 07/08/2002 come modificato dalla L.R. N.1 DEL 11/01/2006. ART.29, comma 14, D.L. 29/12/2011 N.216, convertito dalla LEGGE 24/02/2012 N.14. | H19: 1.73 | I19: Aliquota Unica | J19: =+CONCATENATE(B19,"-",I19) -> REGIONE CALABRIA-Aliquota Unica
A20: 2025 | B20: REGIONE MOLISE | C20: 1950 | D20: 45755 | F20: Art. 2 della L.R. n. 9/2013. Art. 1, comma 174, della Legge n. 311/2004. Art. 2, comma 86, della Legge n. 191/2009 - art.1 L.R. 15 dicembre 2023 n. 5 | H20: 1.73 | I20: fino a 15000.00 euro | J20: =+CONCATENATE(B20,"-",I20) -> REGIONE MOLISE-fino a 15000.00 euro
A21: 2025 | B21: REGIONE MOLISE | C21: 1950 | D21: 45755 | F21: Art. 2 della L.R. n. 9/2013. Art. 1, comma 174, della Legge n. 311/2004. Art. 2, comma 86, della Legge n. 191/2009 - art.1 L.R. 15 dicembre 2023 n. 5 | H21: 1.93 | I21: oltre 15000.00 e fino a 28000.00 euro | J21: =+CONCATENATE(B21,"-",I21) -> REGIONE MOLISE-oltre 15000.00 e fino a 28000.00 euro
A22: 2025 | B22: REGIONE MOLISE | C22: 1950 | D22: 45755 | F22: Art. 2 della L.R. n. 9/2013. Art. 1, comma 174, della Legge n. 311/2004. Art. 2, comma 86, della Legge n. 191/2009 - art.1 L.R. 15 dicembre 2023 n. 5 | H22: 3.33 | I22: oltre 28000.00 e fino a 50000.00 euro | J22: =+CONCATENATE(B22,"-",I22) -> REGIONE MOLISE-oltre 28000.00 e fino a 50000.00 euro
A23: 2025 | B23: REGIONE MOLISE | C23: 1950 | D23: 45755 | F23: Art. 2 della L.R. n. 9/2013. Art. 1, comma 174, della Legge n. 311/2004. Art. 2, comma 86, della Legge n. 191/2009 - art.1 L.R. 15 dicembre 2023 n. 5 | H23: 3.33 | I23: oltre 50000.00 euro | J23: =+CONCATENATE(B23,"-",I23) -> REGIONE MOLISE-oltre 50000.00 euro
A24: 2025 | B24: REGIONE FRIULI VENEZIA GIULIA | C24: 1967 | D24: 45755 | E24: Per soggetti aventi un reddito imponibile ai fini dell'addizionale regionale all'IRPEF non superiore a 15.000 euro, l'aliquota e' ridotta dello 0,53 per cento. Pertanto, in ipotesi di reddito imponibile fino a euro 15.000 l'aliquota e' pari a 0,70 per cento. Per reddito imponibile superiore a euro 15.000 l'aliquota e' pari a 1,23 per cento sull'intero importo. | F24: Art. 50 D.Lgs. 446/1997 - Art. 1, comma 5, L.R. 25 luglio 2012, n. 14 - Art. 1, comma 727,Legge 30 dicembre 2024, n. 207 (Bilancio di previsione dello Stato per l'anno finanziario 2025). | H24: 0.70 | I24: fino a 15000.00 euro | J24: =+CONCATENATE(B24,"-",I24) -> REGIONE FRIULI VENEZIA GIULIA-fino a 15000.00 euro
A25: 2025 | B25: REGIONE FRIULI VENEZIA GIULIA | C25: 1967 | D25: 45755 | E25: Per soggetti aventi un reddito imponibile ai fini dell'addizionale regionale all'IRPEF non superiore a 15.000 euro, l'aliquota e' ridotta dello 0,53 per cento. Pertanto, in ipotesi di reddito imponibile fino a euro 15.000 l'aliquota e' pari a 0,70 per cento. Per reddito imponibile superiore a euro 15.000 l'aliquota e' pari a 1,23 per cento sull'intero importo. | F25: Art. 50 D.Lgs. 446/1997 - Art. 1, comma 5, L.R. 25 luglio 2012, n. 14 - Art. 1, comma 727,Legge 30 dicembre 2024, n. 207 (Bilancio di previsione dello Stato per l'anno finanziario 2025). | H25: 1.23 | I25: oltre 15000.00 e fino a 28000.00 euro | J25: =+CONCATENATE(B25,"-",I25) -> REGIONE FRIULI VENEZIA GIULIA-oltre 15000.00 e fino a 28000.00 euro
A26: 2025 | B26: REGIONE FRIULI VENEZIA GIULIA | C26: 1967 | D26: 45755 | E26: Per soggetti aventi un reddito imponibile ai fini dell'addizionale regionale all'IRPEF non superiore a 15.000 euro, l'aliquota e' ridotta dello 0,53 per cento. Pertanto, in ipotesi di reddito imponibile fino a euro 15.000 l'aliquota e' pari a 0,70 per cento. Per reddito imponibile superiore a euro 15.000 l'aliquota e' pari a 1,23 per cento sull'intero importo. | F26: Art. 50 D.Lgs. 446/1997 - Art. 1, comma 5, L.R. 25 luglio 2012, n. 14 - Art. 1, comma 727,Legge 30 dicembre 2024, n. 207 (Bilancio di previsione dello Stato per l'anno finanziario 2025). | H26: 1.23 | I26: oltre 28000.00 e fino a 50000.00 euro | J26: =+CONCATENATE(B26,"-",I26) -> REGIONE FRIULI VENEZIA GIULIA-oltre 28000.00 e fino a 50000.00 euro
A27: 2025 | B27: REGIONE FRIULI VENEZIA GIULIA | C27: 1967 | D27: 45755 | E27: Per soggetti aventi un reddito imponibile ai fini dell'addizionale regionale all'IRPEF non superiore a 15.000 euro, l'aliquota e' ridotta dello 0,53 per cento. Pertanto, in ipotesi di reddito imponibile fino a euro 15.000 l'aliquota e' pari a 0,70 per cento. Per reddito imponibile superiore a euro 15.000 l'aliquota e' pari a 1,23 per cento sull'intero importo. | F27: Art. 50 D.Lgs. 446/1997 - Art. 1, comma 5, L.R. 25 luglio 2012, n. 14 - Art. 1, comma 727,Legge 30 dicembre 2024, n. 207 (Bilancio di previsione dello Stato per l'anno finanziario 2025). | H27: 1.23 | I27: oltre 50000.00 euro | J27: =+CONCATENATE(B27,"-",I27) -> REGIONE FRIULI VENEZIA GIULIA-oltre 50000.00 euro
A28: 2025 | B28: REGIONE LOMBARDIA | C28: 1987 | D28: 45764 | F28: Art. 72, comma 1, legge regionale 14 luglio 2003, n. 10. | H28: 1.23 | I28: fino a 15000.00 euro | J28: =+CONCATENATE(B28,"-",I28) -> REGIONE LOMBARDIA-fino a 15000.00 euro
A29: 2025 | B29: REGIONE LOMBARDIA | C29: 1987 | D29: 45764 | F29: Art. 72, comma 1, legge regionale 14 luglio 2003, n. 10. | H29: 1.58 | I29: oltre 15000.00 e fino a 28000.00 euro | J29: =+CONCATENATE(B29,"-",I29) -> REGIONE LOMBARDIA-oltre 15000.00 e fino a 28000.00 euro
A30: 2025 | B30: REGIONE LOMBARDIA | C30: 1987 | D30: 45764 | F30: Art. 72, comma 1, legge regionale 14 luglio 2003, n. 10. | H30: 1.72 | I30: oltre 28000.00 e fino a 50000.00 euro | J30: =+CONCATENATE(B30,"-",I30) -> REGIONE LOMBARDIA-oltre 28000.00 e fino a 50000.00 euro
A31: 2025 | B31: REGIONE LOMBARDIA | C31: 1987 | D31: 45764 | F31: Art. 72, comma 1, legge regionale 14 luglio 2003, n. 10. | H31: 1.73 | I31: oltre 50000.00 euro | J31: =+CONCATENATE(B31,"-",I31) -> REGIONE LOMBARDIA-oltre 50000.00 euro
A32: 2025 | B32: REGIONE LIGURIA | C32: 2007 | D32: 45770 | F32: Legge Regionale 9 ottobre 2024 n. 17 articolo 2 bis come modificata dalla Legge regionale 31 marzo 2025 n. 3. Legge Regionale 17 marzo 2022 n. 3 articolo 1. Decreto Legislativo 6 maggio 2011 n. 68 articolo 6. | H32: 1.23 | I32: fino a 28000.00 euro | J32: =+CONCATENATE(B32,"-",I32) -> REGIONE LIGURIA-fino a 28000.00 euro
A33: 2025 | B33: REGIONE LIGURIA | C33: 2007 | D33: 45770 | F33: Legge Regionale 9 ottobre 2024 n. 17 articolo 2 bis come modificata dalla Legge regionale 31 marzo 2025 n. 3. Legge Regionale 17 marzo 2022 n. 3 articolo 1. Decreto Legislativo 6 maggio 2011 n. 68 articolo 6. | H33: 3.18 | I33: oltre 28000.00 e fino a 50000.00 euro | J33: =+CONCATENATE(B33,"-",I33) -> REGIONE LIGURIA-oltre 28000.00 e fino a 50000.00 euro
A34: 2025 | B34: REGIONE LIGURIA | C34: 2007 | D34: 45770 | F34: Legge Regionale 9 ottobre 2024 n. 17 articolo 2 bis come modificata dalla Legge regionale 31 marzo 2025 n. 3. Legge Regionale 17 marzo 2022 n. 3 articolo 1. Decreto Legislativo 6 maggio 2011 n. 68 articolo 6. | H34: 3.23 | I34: oltre 50000.00 euro | J34: =+CONCATENATE(B34,"-",I34) -> REGIONE LIGURIA-oltre 50000.00 euro
A35: 2025 | B35: REGIONE MARCHE | C35: 2008 | D35: 45779 | E35: Si applica l'aliquota dell'1,23% per i contribuenti con un reddito imponibile, ai fini dell'addizionale regionale all'IRPEF, fino a 50.000,00 euro con uno o piu' figli portatori di handicap di cui all'articolo 3 della legge 5 febbraio 1992, n. 104, compresi i figli naturali riconosciuti, i figli adottivi o affidati, comunque a carico ai sensi del comma 2 dell'articolo 12 del decreto del Presidente della Repubblica 22 dicembre 1986, n. 917 (sono considerati a carico i figli con un reddito complessivo non superiore a 2.840,51 euro, al lordo degli oneri deducibili, per i figli di eta' non superiore a ventiquattro anni tale limite di reddito complessivo e' elevato a 4.000 euro). Qualora i figli siano a carico di piu' soggetti, l'aliquota dell'1,23% si applica solo nel caso in cui la somma dei redditi imponibili ai fini dell'addizionale regionale all'IRPEF di tali soggetti non sia superiore a 50.000,00 euro. | F35: Articolo 1 della legge regionale 23 marzo 2022, n. 5 - Articolo 50 del decreto legislativo 15 dicembre 1997, n. 446 - Articolo 6 del decreto legislativo 6 maggio 2011, n. 68. Articolo 1, commi 728 e 729, della legge 30 dicembre 2024, n.207. | H35: 1.23 | I35: fino a 15000.00 euro | J35: =+CONCATENATE(B35,"-",I35) -> REGIONE MARCHE-fino a 15000.00 euro
A36: 2025 | B36: REGIONE MARCHE | C36: 2008 | D36: 45779 | E36: Si applica l'aliquota dell'1,23% per i contribuenti con un reddito imponibile, ai fini dell'addizionale regionale all'IRPEF, fino a 50.000,00 euro con uno o piu' figli portatori di handicap di cui all'articolo 3 della legge 5 febbraio 1992, n. 104, compresi i figli naturali riconosciuti, i figli adottivi o affidati, comunque a carico ai sensi del comma 2 dell'articolo 12 del decreto del Presidente della Repubblica 22 dicembre 1986, n. 917 (sono considerati a carico i figli con un reddito complessivo non superiore a 2.840,51 euro, al lordo degli oneri deducibili, per i figli di eta' non superiore a ventiquattro anni tale limite di reddito complessivo e' elevato a 4.000 euro). Qualora i figli siano a carico di piu' soggetti, l'aliquota dell'1,23% si applica solo nel caso in cui la somma dei redditi imponibili ai fini dell'addizionale regionale all'IRPEF di tali soggetti non sia superiore a 50.000,00 euro. | F36: Articolo 1 della legge regionale 23 marzo 2022, n. 5 - Articolo 50 del decreto legislativo 15 dicembre 1997, n. 446 - Articolo 6 del decreto legislativo 6 maggio 2011, n. 68. Articolo 1, commi 728 e 729, della legge 30 dicembre 2024, n.207. | H36: 1.53 | I36: oltre 15000.00 e fino a 28000.00 euro | J36: =+CONCATENATE(B36,"-",I36) -> REGIONE MARCHE-oltre 15000.00 e fino a 28000.00 euro
A37: 2025 | B37: REGIONE MARCHE | C37: 2008 | D37: 45779 | E37: Si applica l'aliquota dell'1,23% per i contribuenti con un reddito imponibile, ai fini dell'addizionale regionale all'IRPEF, fino a 50.000,00 euro con uno o piu' figli portatori di handicap di cui all'articolo 3 della legge 5 febbraio 1992, n. 104, compresi i figli naturali riconosciuti, i figli adottivi o affidati, comunque a carico ai sensi del comma 2 dell'articolo 12 del decreto del Presidente della Repubblica 22 dicembre 1986, n. 917 (sono considerati a carico i figli con un reddito complessivo non superiore a 2.840,51 euro, al lordo degli oneri deducibili, per i figli di eta' non superiore a ventiquattro anni tale limite di reddito complessivo e' elevato a 4.000 euro). Qualora i figli siano a carico di piu' soggetti, l'aliquota dell'1,23% si applica solo nel caso in cui la somma dei redditi imponibili ai fini dell'addizionale regionale all'IRPEF di tali soggetti non sia superiore a 50.000,00 euro. | F37: Articolo 1 della legge regionale 23 marzo 2022, n. 5 - Articolo 50 del decreto legislativo 15 dicembre 1997, n. 446 - Articolo 6 del decreto legislativo 6 maggio 2011, n. 68. Articolo 1, commi 728 e 729, della legge 30 dicembre 2024, n.207. | H37: 1.70 | I37: oltre 28000.00 e fino a 50000.00 euro | J37: =+CONCATENATE(B37,"-",I37) -> REGIONE MARCHE-oltre 28000.00 e fino a 50000.00 euro
A38: 2025 | B38: REGIONE MARCHE | C38: 2008 | D38: 45779 | E38: Si applica l'aliquota dell'1,23% per i contribuenti con un reddito imponibile, ai fini dell'addizionale regionale all'IRPEF, fino a 50.000,00 euro con uno o piu' figli portatori di handicap di cui all'articolo 3 della legge 5 febbraio 1992, n. 104, compresi i figli naturali riconosciuti, i figli adottivi o affidati, comunque a carico ai sensi del comma 2 dell'articolo 12 del decreto del Presidente della Repubblica 22 dicembre 1986, n. 917 (sono considerati a carico i figli con un reddito complessivo non superiore a 2.840,51 euro, al lordo degli oneri deducibili, per i figli di eta' non superiore a ventiquattro anni tale limite di reddito complessivo e' elevato a 4.000 euro). Qualora i figli siano a carico di piu' soggetti, l'aliquota dell'1,23% si applica solo nel caso in cui la somma dei redditi imponibili ai fini dell'addizionale regionale all'IRPEF di tali soggetti non sia superiore a 50.000,00 euro. | F38: Articolo 1 della legge regionale 23 marzo 2022, n. 5 - Articolo 50 del decreto legislativo 15 dicembre 1997, n. 446 - Articolo 6 del decreto legislativo 6 maggio 2011, n. 68. Articolo 1, commi 728 e 729, della legge 30 dicembre 2024, n.207. | H38: 1.73 | I38: oltre 50000.00 euro | J38: =+CONCATENATE(B38,"-",I38) -> REGIONE MARCHE-oltre 50000.00 euro
A39: 2025 | B39: REGIONE UMBRIA | C39: 2027 | D39: 45779 | E39: Le maggiorazioni dell'aliquota dell'addizionale regionale all'IRPEF previste all'art. 1, comma 1, lettere a) e b) della legge regionale 11 aprile 2025, n. 2, pari allo 0,50% - per i redditi fino a 15.000 euro - e del 1,79% - per i redditi oltre 15.000 euro e fino a 28.000 euro - non trovano applicazione nei confronti dei soggetti con un reddito imponibile complessivo, ai fini dell'addizionale regionale all'IRPEF, fino a 28.000,00 euro. E' disposta una detrazione dall'addizionale regionale all'IRPEF pari a 150,00 euro, in favore dei soggetti con un reddito imponibile complessivo, ai fini dell'addizionale regionale all'IRPEF, compreso tra 28.001,00 e 50.000,00 euro. | F39: Art. 1 - Legge regionale 11 aprile 2025, n. 2 | G39: Le disposizioni agevolative non generano il riconoscimento di alcun credito d'imposta | H39: 1.73 | I39: fino a 15000.00 euro | J39: =+CONCATENATE(B39,"-",I39) -> REGIONE UMBRIA-fino a 15000.00 euro
A40: 2025 | B40: REGIONE UMBRIA | C40: 2027 | D40: 45779 | E40: Le maggiorazioni dell'aliquota dell'addizionale regionale all'IRPEF previste all'art. 1, comma 1, lettere a) e b) della legge regionale 11 aprile 2025, n. 2, pari allo 0,50% - per i redditi fino a 15.000 euro - e del 1,79% - per i redditi oltre 15.000 euro e fino a 28.000 euro - non trovano applicazione nei confronti dei soggetti con un reddito imponibile complessivo, ai fini dell'addizionale regionale all'IRPEF, fino a 28.000,00 euro. E' disposta una detrazione dall'addizionale regionale all'IRPEF pari a 150,00 euro, in favore dei soggetti con un reddito imponibile complessivo, ai fini dell'addizionale regionale all'IRPEF, compreso tra 28.001,00 e 50.000,00 euro. | F40: Art. 1 - Legge regionale 11 aprile 2025, n. 2 | G40: Le disposizioni agevolative non generano il riconoscimento di alcun credito d'imposta | H40: 3.02 | I40: oltre 15000.00 e fino a 28000.00 euro | J40: =+CONCATENATE(B40,"-",I40) -> REGIONE UMBRIA-oltre 15000.00 e fino a 28000.00 euro
A41: 2025 | B41: REGIONE UMBRIA | C41: 2027 | D41: 45779 | E41: Le maggiorazioni dell'aliquota dell'addizionale regionale all'IRPEF previste all'art. 1, comma 1, lettere a) e b) della legge regionale 11 aprile 2025, n. 2, pari allo 0,50% - per i redditi fino a 15.000 euro - e del 1,79% - per i redditi oltre 15.000 euro e fino a 28.000 euro - non trovano applicazione nei confronti dei soggetti con un reddito imponibile complessivo, ai fini dell'addizionale regionale all'IRPEF, fino a 28.000,00 euro. E' disposta una detrazione dall'addizionale regionale all'IRPEF pari a 150,00 euro, in favore dei soggetti con un reddito imponibile complessivo, ai fini dell'addizionale regionale all'IRPEF, compreso tra 28.001,00 e 50.000,00 euro. | F41: Art. 1 - Legge regionale 11 aprile 2025, n. 2 | G41: Le disposizioni agevolative non generano il riconoscimento di alcun credito d'imposta | H41: 3.12 | I41: oltre 28000.00 e fino a 50000.00 euro | J41: =+CONCATENATE(B41,"-",I41) -> REGIONE UMBRIA-oltre 28000.00 e fino a 50000.00 euro
A42: 2025 | B42: REGIONE UMBRIA | C42: 2027 | D42: 45779 | E42: Le maggiorazioni dell'aliquota dell'addizionale regionale all'IRPEF previste all'art. 1, comma 1, lettere a) e b) della legge regionale 11 aprile 2025, n. 2, pari allo 0,50% - per i redditi fino a 15.000 euro - e del 1,79% - per i redditi oltre 15.000 euro e fino a 28.000 euro - non trovano applicazione nei confronti dei soggetti con un reddito imponibile complessivo, ai fini dell'addizionale regionale all'IRPEF, fino a 28.000,00 euro. E' disposta una detrazione dall'addizionale regionale all'IRPEF pari a 150,00 euro, in favore dei soggetti con un reddito imponibile complessivo, ai fini dell'addizionale regionale all'IRPEF, compreso tra 28.001,00 e 50.000,00 euro. | F42: Art. 1 - Legge regionale 11 aprile 2025, n. 2 | G42: Le disposizioni agevolative non generano il riconoscimento di alcun credito d'imposta | H42: 3.33 | I42: oltre 50000.00 euro | J42: =+CONCATENATE(B42,"-",I42) -> REGIONE UMBRIA-oltre 50000.00 euro
A43: 2025 | B43: REGIONE VALLE D'AOSTA | C43: 2047 | D43: 45783 | E43: Per il periodo di imposta 2025, i soggetti con reddito complessivo, determinato ai fini dell'imposta sul reddito delle persone fisiche (IRPEF), fino a 15.000 euro, sono esentati dal pagamento dell'addizionale regionale all'IRPEF. Ai soggetti con reddito complessivo oltre 15.000 euro si applica l'aliquota ordinaria sull'intero imponibile. | F43: articolo 50, commi 2 e 3, del D.Lgs. 15 dicembre 1997, n.446, come modificato dall'articolo 28, comma 1 del D.L. 6 dicembre 2011, n. 201 - articolo 1 della legge regionale n. 32 del 21 dicembre 2022 | H43: 1.23 | I43: Aliquota Unica | J43: =+CONCATENATE(B43,"-",I43) -> REGIONE VALLE D'AOSTA-Aliquota Unica
A44: 2025 | B44: REGIONE PIEMONTE | C44: 2048 | D44: 45783 | E44: Per il periodo di imposta 2025, sono confermate le seguenti detrazioni come misure di sostegno economico sociale: a) euro 100,00 per i contribuenti con piu' di tre figli a carico, per ciascun figlio a partire dal primo, compreso i figli naturali, riconosciuti, i figli adottivi o affidati e i figli conviventi del coniuge deceduto. A seguito delle modifiche apportate dalla legge nazionale di bilancio per il 2025 all' articolo 12 del TUIR sono considerati figli a carico solo quelli con un'eta' inferiore a 30 anni. b) euro 250,00 per i contribuenti con figli a carico, portatori di handicap ai sensi dell' articolo 3 della legge 5 febbraio 1992, n. 104 (Legge-quadro per l'assistenza, l'integrazione sociale e i diritti delle persone handicappate), per ciascun figlio, compreso i figli naturali, riconosciuti, i figli adottivi o affidati. Ai fini della spettanza e della ripartizione delle detrazioni si applicano le disposizioni di cui all' art. 12 del TUIR. | F44: legge regionale 28 marzo 2022, n. 4 | H44: 1.62 | I44: fino a 15000.00 euro | J44: =+CONCATENATE(B44,"-",I44) -> REGIONE PIEMONTE-fino a 15000.00 euro
A45: 2025 | B45: REGIONE PIEMONTE | C45: 2048 | D45: 45783 | E45: Per il periodo di imposta 2025, sono confermate le seguenti detrazioni come misure di sostegno economico sociale: a) euro 100,00 per i contribuenti con piu' di tre figli a carico, per ciascun figlio a partire dal primo, compreso i figli naturali, riconosciuti, i figli adottivi o affidati e i figli conviventi del coniuge deceduto. A seguito delle modifiche apportate dalla legge nazionale di bilancio per il 2025 all' articolo 12 del TUIR sono considerati figli a carico solo quelli con un'eta' inferiore a 30 anni. b) euro 250,00 per i contribuenti con figli a carico, portatori di handicap ai sensi dell' articolo 3 della legge 5 febbraio 1992, n. 104 (Legge-quadro per l'assistenza, l'integrazione sociale e i diritti delle persone handicappate), per ciascun figlio, compreso i figli naturali, riconosciuti, i figli adottivi o affidati. Ai fini della spettanza e della ripartizione delle detrazioni si applicano le disposizioni di cui all' art. 12 del TUIR. | F45: legge regionale 28 marzo 2022, n. 4 | H45: 2.13 | I45: oltre 15000.00 e fino a 28000.00 euro | J45: =+CONCATENATE(B45,"-",I45) -> REGIONE PIEMONTE-oltre 15000.00 e fino a 28000.00 euro
A46: 2025 | B46: REGIONE PIEMONTE | C46: 2048 | D46: 45783 | E46: Per il periodo di imposta 2025, sono confermate le seguenti detrazioni come misure di sostegno economico sociale: a) euro 100,00 per i contribuenti con piu' di tre figli a carico, per ciascun figlio a partire dal primo, compreso i figli naturali, riconosciuti, i figli adottivi o affidati e i figli conviventi del coniuge deceduto. A seguito delle modifiche apportate dalla legge nazionale di bilancio per il 2025 all' articolo 12 del TUIR sono considerati figli a carico solo quelli con un'eta' inferiore a 30 anni. b) euro 250,00 per i contribuenti con figli a carico, portatori di handicap ai sensi dell' articolo 3 della legge 5 febbraio 1992, n. 104 (Legge-quadro per l'assistenza, l'integrazione sociale e i diritti delle persone handicappate), per ciascun figlio, compreso i figli naturali, riconosciuti, i figli adottivi o affidati. Ai fini della spettanza e della ripartizione delle detrazioni si applicano le disposizioni di cui all' art. 12 del TUIR. | F46: legge regionale 28 marzo 2022, n. 4 | H46: 2.75 | I46: oltre 28000.00 e fino a 50000.00 euro | J46: =+CONCATENATE(B46,"-",I46) -> REGIONE PIEMONTE-oltre 28000.00 e fino a 50000.00 euro
A47: 2025 | B47: REGIONE PIEMONTE | C47: 2048 | D47: 45783 | E47: Per il periodo di imposta 2025, sono confermate le seguenti detrazioni come misure di sostegno economico sociale: a) euro 100,00 per i contribuenti con piu' di tre figli a carico, per ciascun figlio a partire dal primo, compreso i figli naturali, riconosciuti, i figli adottivi o affidati e i figli conviventi del coniuge deceduto. A seguito delle modifiche apportate dalla legge nazionale di bilancio per il 2025 all' articolo 12 del TUIR sono considerati figli a carico solo quelli con un'eta' inferiore a 30 anni. b) euro 250,00 per i contribuenti con figli a carico, portatori di handicap ai sensi dell' articolo 3 della legge 5 febbraio 1992, n. 104 (Legge-quadro per l'assistenza, l'integrazione sociale e i diritti delle persone handicappate), per ciascun figlio, compreso i figli naturali, riconosciuti, i figli adottivi o affidati. Ai fini della spettanza e della ripartizione delle detrazioni si applicano le disposizioni di cui all' art. 12 del TUIR. | F47: legge regionale 28 marzo 2022, n. 4 | H47: 3.33 | I47: oltre 50000.00 euro | J47: =+CONCATENATE(B47,"-",I47) -> REGIONE PIEMONTE-oltre 50000.00 euro
A48: 2025 | B48: REGIONE ABRUZZO | C48: 2049 | D48: 45783 | F48: Articolo 6 del decreto legislativo 6 maggio 2011, n. 68. Articolo 1, comma 8, della legge regionale 12 dicembre 2006, n. 44. Articolo 1, comma 1, della legge regionale 4 aprile 2025, n. 9. | H48: 1.67 | I48: fino a 28000.00 euro | J48: =+CONCATENATE(B48,"-",I48) -> REGIONE ABRUZZO-fino a 28000.00 euro
A49: 2025 | B49: REGIONE ABRUZZO | C49: 2049 | D49: 45783 | F49: Articolo 6 del decreto legislativo 6 maggio 2011, n. 68. Articolo 1, comma 8, della legge regionale 12 dicembre 2006, n. 44. Articolo 1, comma 1, della legge regionale 4 aprile 2025, n. 9. | H49: 2.87 | I49: oltre 28000.00 e fino a 50000.00 euro | J49: =+CONCATENATE(B49,"-",I49) -> REGIONE ABRUZZO-oltre 28000.00 e fino a 50000.00 euro
A50: 2025 | B50: REGIONE ABRUZZO | C50: 2049 | D50: 45783 | F50: Articolo 6 del decreto legislativo 6 maggio 2011, n. 68. Articolo 1, comma 8, della legge regionale 12 dicembre 2006, n. 44. Articolo 1, comma 1, della legge regionale 4 aprile 2025, n. 9. | H50: 3.33 | I50: oltre 50000.00 euro | J50: =+CONCATENATE(B50,"-",I50) -> REGIONE ABRUZZO-oltre 50000.00 euro
A51: 2025 | B51: REGIONE VENETO | C51: 2050 | D51: 45783 | E51: Aliquota agevolata pari allo 0.9% per i soggetti disabili con un reddito imponibile non superiore ad euro 50.000 e per i contribuenti con un familiare disabile fiscalmente a carico e con un reddito imponibile non superiore ad euro 50.000. Se la persona con disabilita' e' fiscalmente a carico di piu' soggetti, l'aliquota dello 0,9% si applica a condizione che la somma dei redditi delle persone di cui e'a carico non sia superiore ad euro 50.000. La soglia massima di euro 50.000 si applica a decorrere dall'anno d'imposta 2023 (sostituisce la precedente soglia di euro 45.000 in vigore sino all'anno d'imposta 2022) | F51: D.LGS 68/2011 art.6 c.1. L.R. 19/2005 art.1 c.5, come modificato dall'articolo 9 della L.R. 30/2022 | H51: 1.23 | I51: Aliquota Unica | J51: =+CONCATENATE(B51,"-",I51) -> REGIONE VENETO-Aliquota Unica
A52: 2025 | B52: REGIONE EMILIA-ROMAGNA | C52: 2051 | D52: 45784 | F52: Articolo 6 del decreto legislativo 6 maggio 2011, n. 68. Articolo 2 della legge regionale 20 dicembre 2006, n. 19 come modificato dall'articolo 2, comma 1, della legge regionale 31 marzo 2025, n. 1. | H52: 1.33 | I52: fino a 15000.00 euro | J52: =+CONCATENATE(B52,"-",I52) -> REGIONE EMILIA-ROMAGNA-fino a 15000.00 euro
A53: 2025 | B53: REGIONE EMILIA-ROMAGNA | C53: 2051 | D53: 45784 | F53: Articolo 6 del decreto legislativo 6 maggio 2011, n. 68. Articolo 2 della legge regionale 20 dicembre 2006, n. 19 come modificato dall'articolo 2, comma 1, della legge regionale 31 marzo 2025, n. 1. | H53: 1.93 | I53: oltre 15000.00 e fino a 28000.00 euro | J53: =+CONCATENATE(B53,"-",I53) -> REGIONE EMILIA-ROMAGNA-oltre 15000.00 e fino a 28000.00 euro
A54: 2025 | B54: REGIONE EMILIA-ROMAGNA | C54: 2051 | D54: 45784 | F54: Articolo 6 del decreto legislativo 6 maggio 2011, n. 68. Articolo 2 della legge regionale 20 dicembre 2006, n. 19 come modificato dall'articolo 2, comma 1, della legge regionale 31 marzo 2025, n. 1. | H54: 2.93 | I54: oltre 28000.00 e fino a 50000.00 euro | J54: =+CONCATENATE(B54,"-",I54) -> REGIONE EMILIA-ROMAGNA-oltre 28000.00 e fino a 50000.00 euro
A55: 2025 | B55: REGIONE EMILIA-ROMAGNA | C55: 2051 | D55: 45784 | F55: Articolo 6 del decreto legislativo 6 maggio 2011, n. 68. Articolo 2 della legge regionale 20 dicembre 2006, n. 19 come modificato dall'articolo 2, comma 1, della legge regionale 31 marzo 2025, n. 1. | H55: 3.33 | I55: oltre 50000.00 euro | J55: =+CONCATENATE(B55,"-",I55) -> REGIONE EMILIA-ROMAGNA-oltre 50000.00 euro
A56: 2025 | B56: REGIONE TOSCANA | C56: 2067 | D56: 45792 | F56: ARTICOLO 1 LEGGE REGIONALE 28/12/2023 N.48 | H56: 1.42 | I56: fino a 15000.00 euro | J56: =+CONCATENATE(B56,"-",I56) -> REGIONE TOSCANA-fino a 15000.00 euro
A57: 2025 | B57: REGIONE TOSCANA | C57: 2067 | D57: 45792 | F57: ARTICOLO 1 LEGGE REGIONALE 28/12/2023 N.48 | H57: 1.43 | I57: oltre 15000.00 e fino a 28000.00 euro | J57: =+CONCATENATE(B57,"-",I57) -> REGIONE TOSCANA-oltre 15000.00 e fino a 28000.00 euro
A58: 2025 | B58: REGIONE TOSCANA | C58: 2067 | D58: 45792 | F58: ARTICOLO 1 LEGGE REGIONALE 28/12/2023 N.48 | H58: 3.32 | I58: oltre 28000.00 e fino a 50000.00 euro | J58: =+CONCATENATE(B58,"-",I58) -> REGIONE TOSCANA-oltre 28000.00 e fino a 50000.00 euro
A59: 2025 | B59: REGIONE TOSCANA | C59: 2067 | D59: 45792 | F59: ARTICOLO 1 LEGGE REGIONALE 28/12/2023 N.48 | H59: 3.33 | I59: oltre 50000.00 euro | J59: =+CONCATENATE(B59,"-",I59) -> REGIONE TOSCANA-oltre 50000.00 euro
A60: 2025 | B60: REGIONE BASILICATA | C60: 2068 | D60: 45792 | F60: Art. 6, D.lgs. 06/05/2011, n. 68 e art. 50, D.lgs.15/12/1997, n. 446. | H60: 1.23 | I60: Aliquota Unica | J60: =+CONCATENATE(B60,"-",I60) -> REGIONE BASILICATA-Aliquota Unica
A61: 2025 | B61: REGIONE CAMPANIA | C61: 2069 | D61: 45792 | E61: Ai soggetti aventi un reddito imponibile ai fini dell'addizionale regionale IRPEF non superiore ad euro 28.000,00 lordi e con almeno due figli fiscalmente a carico, spetta una detrazione dell'importo dovuto a titolo di addizionale regionale IRPEF pari ad euro 30,00 per ciascun figlio fiscalmente a carico, in proporzione alla percentuale ed ai mesi a carico (art.1, comma 2, L.R. 30 marzo 2022, n.7). Ai soggetti aventi un reddito imponibile ai fini dell'addizionale regionale IRPEF non superiore ad euro 28.000,00 lordi e con figli con diversa abilita' ai sensi dell'articolo 3 della legge 5 febbraio 1992, n. 104 (legge quadro per l'assistenza, l'integrazione sociale ed i diritti delle persone handicappate), spetta una detrazione dell'importo dovuto a titolo di addizionale regionale IRPEF pari ad euro 40,00 per ciascun figlio portatore di handicap fiscalmente a carico, in proporzione alla percentuale ed ai mesi a carico. (art.1, comma 3, L.R. 30 marzo 2022, n.7) | F61: Art. 50 del D.Lgs. 446/1997. Art. 6 del D.Lgs. 68/2011. L.R. 16 gennaio 2014, n. 4. Art. 11, comma 15, D.L. 28 giugno 2013, n. 76, convertito in Legge 9 agosto 2013, n.99. Art. 1, comma 2, Legge 30 dicembre 2021, n. 234. Art. 1 della L.R. 28 dicembre 2021, n. 31. Art. 1 della L.R. 30 marzo 2022, n. 7. | G61: Qualora l'imposta dovuta sia minore delle detrazioni di cui ai commi 2 e 3 dell'art.1 della L.R. 30 marzo 2022, n.7, non sorge alcun credito d'imposta. Ai fini della quantificazione e della ripartizione delle detrazioni, si applicano le disposizioni previste dall'articolo 12 del Decreto del Presidente della Repubblica 22 dicembre 1986, n. 917 (Testo unico delle imposte sui redditi) e successive modifiche e integrazioni.'. | H61: 1.73 | I61: fino a 15000.00 euro | J61: =+CONCATENATE(B61,"-",I61) -> REGIONE CAMPANIA-fino a 15000.00 euro
A62: 2025 | B62: REGIONE CAMPANIA | C62: 2069 | D62: 45792 | E62: Ai soggetti aventi un reddito imponibile ai fini dell'addizionale regionale IRPEF non superiore ad euro 28.000,00 lordi e con almeno due figli fiscalmente a carico, spetta una detrazione dell'importo dovuto a titolo di addizionale regionale IRPEF pari ad euro 30,00 per ciascun figlio fiscalmente a carico, in proporzione alla percentuale ed ai mesi a carico (art.1, comma 2, L.R. 30 marzo 2022, n.7). Ai soggetti aventi un reddito imponibile ai fini dell'addizionale regionale IRPEF non superiore ad euro 28.000,00 lordi e con figli con diversa abilita' ai sensi dell'articolo 3 della legge 5 febbraio 1992, n. 104 (legge quadro per l'assistenza, l'integrazione sociale ed i diritti delle persone handicappate), spetta una detrazione dell'importo dovuto a titolo di addizionale regionale IRPEF pari ad euro 40,00 per ciascun figlio portatore di handicap fiscalmente a carico, in proporzione alla percentuale ed ai mesi a carico. (art.1, comma 3, L.R. 30 marzo 2022, n.7) | F62: Art. 50 del D.Lgs. 446/1997. Art. 6 del D.Lgs. 68/2011. L.R. 16 gennaio 2014, n. 4. Art. 11, comma 15, D.L. 28 giugno 2013, n. 76, convertito in Legge 9 agosto 2013, n.99. Art. 1, comma 2, Legge 30 dicembre 2021, n. 234. Art. 1 della L.R. 28 dicembre 2021, n. 31. Art. 1 della L.R. 30 marzo 2022, n. 7. | G62: Qualora l'imposta dovuta sia minore delle detrazioni di cui ai commi 2 e 3 dell'art.1 della L.R. 30 marzo 2022, n.7, non sorge alcun credito d'imposta. Ai fini della quantificazione e della ripartizione delle detrazioni, si applicano le disposizioni previste dall'articolo 12 del Decreto del Presidente della Repubblica 22 dicembre 1986, n. 917 (Testo unico delle imposte sui redditi) e successive modifiche e integrazioni.'. | H62: 2.96 | I62: oltre 15000.00 e fino a 28000.00 euro | J62: =+CONCATENATE(B62,"-",I62) -> REGIONE CAMPANIA-oltre 15000.00 e fino a 28000.00 euro
A63: 2025 | B63: REGIONE CAMPANIA | C63: 2069 | D63: 45792 | E63: Ai soggetti aventi un reddito imponibile ai fini dell'addizionale regionale IRPEF non superiore ad euro 28.000,00 lordi e con almeno due figli fiscalmente a carico, spetta una detrazione dell'importo dovuto a titolo di addizionale regionale IRPEF pari ad euro 30,00 per ciascun figlio fiscalmente a carico, in proporzione alla percentuale ed ai mesi a carico (art.1, comma 2, L.R. 30 marzo 2022, n.7). Ai soggetti aventi un reddito imponibile ai fini dell'addizionale regionale IRPEF non superiore ad euro 28.000,00 lordi e con figli con diversa abilita' ai sensi dell'articolo 3 della legge 5 febbraio 1992, n. 104 (legge quadro per l'assistenza, l'integrazione sociale ed i diritti delle persone handicappate), spetta una detrazione dell'importo dovuto a titolo di addizionale regionale IRPEF pari ad euro 40,00 per ciascun figlio portatore di handicap fiscalmente a carico, in proporzione alla percentuale ed ai mesi a carico. (art.1, comma 3, L.R. 30 marzo 2022, n.7) | F63: Art. 50 del D.Lgs. 446/1997. Art. 6 del D.Lgs. 68/2011. L.R. 16 gennaio 2014, n. 4. Art. 11, comma 15, D.L. 28 giugno 2013, n. 76, convertito in Legge 9 agosto 2013, n.99. Art. 1, comma 2, Legge 30 dicembre 2021, n. 234. Art. 1 della L.R. 28 dicembre 2021, n. 31. Art. 1 della L.R. 30 marzo 2022, n. 7. | G63: Qualora l'imposta dovuta sia minore delle detrazioni di cui ai commi 2 e 3 dell'art.1 della L.R. 30 marzo 2022, n.7, non sorge alcun credito d'imposta. Ai fini della quantificazione e della ripartizione delle detrazioni, si applicano le disposizioni previste dall'articolo 12 del Decreto del Presidente della Repubblica 22 dicembre 1986, n. 917 (Testo unico delle imposte sui redditi) e successive modifiche e integrazioni.'. | H63: 3.20 | I63: oltre 28000.00 e fino a 50000.00 euro | J63: =+CONCATENATE(B63,"-",I63) -> REGIONE CAMPANIA-oltre 28000.00 e fino a 50000.00 euro
A64: 2025 | B64: REGIONE CAMPANIA | C64: 2069 | D64: 45792 | E64: Ai soggetti aventi un reddito imponibile ai fini dell'addizionale regionale IRPEF non superiore ad euro 28.000,00 lordi e con almeno due figli fiscalmente a carico, spetta una detrazione dell'importo dovuto a titolo di addizionale regionale IRPEF pari ad euro 30,00 per ciascun figlio fiscalmente a carico, in proporzione alla percentuale ed ai mesi a carico (art.1, comma 2, L.R. 30 marzo 2022, n.7). Ai soggetti aventi un reddito imponibile ai fini dell'addizionale regionale IRPEF non superiore ad euro 28.000,00 lordi e con figli con diversa abilita' ai sensi dell'articolo 3 della legge 5 febbraio 1992, n. 104 (legge quadro per l'assistenza, l'integrazione sociale ed i diritti delle persone handicappate), spetta una detrazione dell'importo dovuto a titolo di addizionale regionale IRPEF pari ad euro 40,00 per ciascun figlio portatore di handicap fiscalmente a carico, in proporzione alla percentuale ed ai mesi a carico. (art.1, comma 3, L.R. 30 marzo 2022, n.7) | F64: Art. 50 del D.Lgs. 446/1997. Art. 6 del D.Lgs. 68/2011. L.R. 16 gennaio 2014, n. 4. Art. 11, comma 15, D.L. 28 giugno 2013, n. 76, convertito in Legge 9 agosto 2013, n.99. Art. 1, comma 2, Legge 30 dicembre 2021, n. 234. Art. 1 della L.R. 28 dicembre 2021, n. 31. Art. 1 della L.R. 30 marzo 2022, n. 7. | G64: Qualora l'imposta dovuta sia minore delle detrazioni di cui ai commi 2 e 3 dell'art.1 della L.R. 30 marzo 2022, n.7, non sorge alcun credito d'imposta. Ai fini della quantificazione e della ripartizione delle detrazioni, si applicano le disposizioni previste dall'articolo 12 del Decreto del Presidente della Repubblica 22 dicembre 1986, n. 917 (Testo unico delle imposte sui redditi) e successive modifiche e integrazioni.'. | H64: 3.33 | I64: oltre 50000.00 euro | J64: =+CONCATENATE(B64,"-",I64) -> REGIONE CAMPANIA-oltre 50000.00 euro
A65: 2025 | B65: REGIONE LIGURIA | C65: 2087 | D65: 45874 | E65: Per l'anno d'imposta 2025, ai soggetti aventi reddito imponibile non superiore a 28.000,00 euro e con almeno due figli fiscalmente a carico spetta una detrazione pari a 45,00 euro per ciascun figlio. La detrazione e' aumentata a 50,00 euro per ogni figlio portatore di handicap anche in presenza di un solo figlio a carico. | F65: Legge Regionale 9 ottobre 2024 n. 17 articolo 2 bis come modificata dalla Legge regionale 31 marzo 2025 n. 3. Legge Regionale 9 ottobre 2024 n. 17 articolo 2 ter inserito dalla Legge regionale 31 luglio 2025 n. 14. Legge Regionale 17 marzo 2022 n. 3 articolo 1. Decreto Legislativo 6 maggio 2011 n. 68 articolo 6. | G65: Quando l'imposta dovuta sia minore della detrazione di cui all'art. 2 ter l.r.17/2024 non sorge alcun credito d'imposta. Ai fini della spettanza e della ripartizione della detrazione si applicano le disposizioni di cui all'articolo 12 DPR n.917/1986. Per l'applicazione della detrazione 2025 si rinvia alla circolare pubblicata sul sito internet di Regione Liguria: pagamenti online e imposte - irpef - addizionale all'imposta sul reddito - detrazione per carichi di famiglia 2022 | H65: 1.23 | I65: fino a 28000.00 euro | J65: =+CONCATENATE(B65,"-",I65) -> REGIONE LIGURIA-fino a 28000.00 euro
A66: 2025 | B66: REGIONE LIGURIA | C66: 2087 | D66: 45874 | E66: Per l'anno d'imposta 2025, ai soggetti aventi reddito imponibile non superiore a 28.000,00 euro e con almeno due figli fiscalmente a carico spetta una detrazione pari a 45,00 euro per ciascun figlio. La detrazione e' aumentata a 50,00 euro per ogni figlio portatore di handicap anche in presenza di un solo figlio a carico. | F66: Legge Regionale 9 ottobre 2024 n. 17 articolo 2 bis come modificata dalla Legge regionale 31 marzo 2025 n. 3. Legge Regionale 9 ottobre 2024 n. 17 articolo 2 ter inserito dalla Legge regionale 31 luglio 2025 n. 14. Legge Regionale 17 marzo 2022 n. 3 articolo 1. Decreto Legislativo 6 maggio 2011 n. 68 articolo 6. | G66: Quando l'imposta dovuta sia minore della detrazione di cui all'art. 2 ter l.r.17/2024 non sorge alcun credito d'imposta. Ai fini della spettanza e della ripartizione della detrazione si applicano le disposizioni di cui all'articolo 12 DPR n.917/1986. Per l'applicazione della detrazione 2025 si rinvia alla circolare pubblicata sul sito internet di Regione Liguria: pagamenti online e imposte - irpef - addizionale all'imposta sul reddito - detrazione per carichi di famiglia 2022 | H66: 3.18 | I66: oltre 28000.00 e fino a 50000.00 euro | J66: =+CONCATENATE(B66,"-",I66) -> REGIONE LIGURIA-oltre 28000.00 e fino a 50000.00 euro
A67: 2025 | B67: REGIONE LIGURIA | C67: 2087 | D67: 45874 | E67: Per l'anno d'imposta 2025, ai soggetti aventi reddito imponibile non superiore a 28.000,00 euro e con almeno due figli fiscalmente a carico spetta una detrazione pari a 45,00 euro per ciascun figlio. La detrazione e' aumentata a 50,00 euro per ogni figlio portatore di handicap anche in presenza di un solo figlio a carico. | F67: Legge Regionale 9 ottobre 2024 n. 17 articolo 2 bis come modificata dalla Legge regionale 31 marzo 2025 n. 3. Legge Regionale 9 ottobre 2024 n. 17 articolo 2 ter inserito dalla Legge regionale 31 luglio 2025 n. 14. Legge Regionale 17 marzo 2022 n. 3 articolo 1. Decreto Legislativo 6 maggio 2011 n. 68 articolo 6. | G67: Quando l'imposta dovuta sia minore della detrazione di cui all'art. 2 ter l.r.17/2024 non sorge alcun credito d'imposta. Ai fini della spettanza e della ripartizione della detrazione si applicano le disposizioni di cui all'articolo 12 DPR n.917/1986. Per l'applicazione della detrazione 2025 si rinvia alla circolare pubblicata sul sito internet di Regione Liguria: pagamenti online e imposte - irpef - addizionale all'imposta sul reddito - detrazione per carichi di famiglia 2022 | H67: 3.23 | I67: oltre 50000.00 euro | J67: =+CONCATENATE(B67,"-",I67) -> REGIONE LIGURIA-oltre 50000.00 euro
A68: 2025 | B68: PROVINCIA AUTONOMA DI TRENTO | C68: 2107 | D68: 45891 | E68: Ai contribuenti aventi un reddito imponibile non superiore a euro 30.000,00 spetta una deduzione di euro 30.000,00. Tale deduzione non spetta ai contribuenti aventi un reddito imponibile superiore a euro 30.000,00. Ai contribuenti aventi un reddito imponibile non superiore a 50.000 euro spetta una detrazione dall'importo dovuto a titolo di addizionale regionale all'IRPEF di 246 euro, in proporzione alla percentuale e ai mesi di carico, per ogni figlio che si trova nelle condizioni previste dall'articolo 12, comma 2, del D.P.R. n. 917/86. Se l'imposta dovuta risulta minore della detrazione non sorge alcun credito d'imposta. | F68: Articolo 1, commi 2 quater, 2 sexies e 3 bis, della legge provinciale 23 dicembre 2019, n. 13, come modificato dall'articolo 1 della legge provinciale 1 agosto 2025, n. 5. | H68: 1.23 | I68: fino a 15000.00 euro | J68: =+CONCATENATE(B68,"-",I68) -> PROVINCIA AUTONOMA DI TRENTO-fino a 15000.00 euro
A69: 2025 | B69: PROVINCIA AUTONOMA DI TRENTO | C69: 2107 | D69: 45891 | E69: Ai contribuenti aventi un reddito imponibile non superiore a euro 30.000,00 spetta una deduzione di euro 30.000,00. Tale deduzione non spetta ai contribuenti aventi un reddito imponibile superiore a euro 30.000,00. Ai contribuenti aventi un reddito imponibile non superiore a 50.000 euro spetta una detrazione dall'importo dovuto a titolo di addizionale regionale all'IRPEF di 246 euro, in proporzione alla percentuale e ai mesi di carico, per ogni figlio che si trova nelle condizioni previste dall'articolo 12, comma 2, del D.P.R. n. 917/86. Se l'imposta dovuta risulta minore della detrazione non sorge alcun credito d'imposta. | F69: Articolo 1, commi 2 quater, 2 sexies e 3 bis, della legge provinciale 23 dicembre 2019, n. 13, come modificato dall'articolo 1 della legge provinciale 1 agosto 2025, n. 5. | H69: 1.23 | I69: oltre 15000.00 e fino a 28000.00 euro | J69: =+CONCATENATE(B69,"-",I69) -> PROVINCIA AUTONOMA DI TRENTO-oltre 15000.00 e fino a 28000.00 euro
A70: 2025 | B70: PROVINCIA AUTONOMA DI TRENTO | C70: 2107 | D70: 45891 | E70: Ai contribuenti aventi un reddito imponibile non superiore a euro 30.000,00 spetta una deduzione di euro 30.000,00. Tale deduzione non spetta ai contribuenti aventi un reddito imponibile superiore a euro 30.000,00. Ai contribuenti aventi un reddito imponibile non superiore a 50.000 euro spetta una detrazione dall'importo dovuto a titolo di addizionale regionale all'IRPEF di 246 euro, in proporzione alla percentuale e ai mesi di carico, per ogni figlio che si trova nelle condizioni previste dall'articolo 12, comma 2, del D.P.R. n. 917/86. Se l'imposta dovuta risulta minore della detrazione non sorge alcun credito d'imposta. | F70: Articolo 1, commi 2 quater, 2 sexies e 3 bis, della legge provinciale 23 dicembre 2019, n. 13, come modificato dall'articolo 1 della legge provinciale 1 agosto 2025, n. 5. | H70: 1.23 | I70: oltre 28000.00 e fino a 50000.00 euro | J70: =+CONCATENATE(B70,"-",I70) -> PROVINCIA AUTONOMA DI TRENTO-oltre 28000.00 e fino a 50000.00 euro
A71: 2025 | B71: PROVINCIA AUTONOMA DI TRENTO | C71: 2107 | D71: 45891 | E71: Ai contribuenti aventi un reddito imponibile non superiore a euro 30.000,00 spetta una deduzione di euro 30.000,00. Tale deduzione non spetta ai contribuenti aventi un reddito imponibile superiore a euro 30.000,00. Ai contribuenti aventi un reddito imponibile non superiore a 50.000 euro spetta una detrazione dall'importo dovuto a titolo di addizionale regionale all'IRPEF di 246 euro, in proporzione alla percentuale e ai mesi di carico, per ogni figlio che si trova nelle condizioni previste dall'articolo 12, comma 2, del D.P.R. n. 917/86. Se l'imposta dovuta risulta minore della detrazione non sorge alcun credito d'imposta. | F71: Articolo 1, commi 2 quater, 2 sexies e 3 bis, della legge provinciale 23 dicembre 2019, n. 13, come modificato dall'articolo 1 della legge provinciale 1 agosto 2025, n. 5. | H71: 1.73 | I71: oltre 50000.00 euro | J71: =+CONCATENATE(B71,"-",I71) -> PROVINCIA AUTONOMA DI TRENTO-oltre 50000.00 euro
A72: 2025 | B72: REGIONE MOLISE | C72: 2127 | D72: 45909 | F72: Art. 2 della L.R. n. 9/2013. Art. 1, comma 174, della Legge n. 311/2004. Art. 2, comma 86, della Legge n. 191/2009 - art.1 L.R. 15 dicembre 2023 n. 5 | H72: 2.03 | I72: fino a 15000.00 euro | J72: =+CONCATENATE(B72,"-",I72) -> REGIONE MOLISE-fino a 15000.00 euro
A73: 2025 | B73: REGIONE MOLISE | C73: 2127 | D73: 45909 | F73: Art. 2 della L.R. n. 9/2013. Art. 1, comma 174, della Legge n. 311/2004. Art. 2, comma 86, della Legge n. 191/2009 - art.1 L.R. 15 dicembre 2023 n. 5 | H73: 2.23 | I73: oltre 15000.00 e fino a 28000.00 euro | J73: =+CONCATENATE(B73,"-",I73) -> REGIONE MOLISE-oltre 15000.00 e fino a 28000.00 euro
A74: 2025 | B74: REGIONE MOLISE | C74: 2127 | D74: 45909 | F74: Art. 2 della L.R. n. 9/2013. Art. 1, comma 174, della Legge n. 311/2004. Art. 2, comma 86, della Legge n. 191/2009 - art.1 L.R. 15 dicembre 2023 n. 5 | H74: 3.63 | I74: oltre 28000.00 e fino a 50000.00 euro | J74: =+CONCATENATE(B74,"-",I74) -> REGIONE MOLISE-oltre 28000.00 e fino a 50000.00 euro
A75: 2025 | B75: REGIONE MOLISE | C75: 2127 | D75: 45909 | F75: Art. 2 della L.R. n. 9/2013. Art. 1, comma 174, della Legge n. 311/2004. Art. 2, comma 86, della Legge n. 191/2009 - art.1 L.R. 15 dicembre 2023 n. 5 | H75: 3.63 | I75: oltre 50000.00 euro | J75: =+CONCATENATE(B75,"-",I75) -> REGIONE MOLISE-oltre 50000.00 euro
A76: 2025 | B76: REGIONE PIEMONTE | C76: 2147 | D76: 45957 | E76: Per il periodo di imposta 2025, sono confermate le seguenti detrazioni come misure di sostegno economico sociale: a) euro 100,00 per i contribuenti con piu' di tre figli a carico, per ciascun figlio a partire dal primo, compreso i figli naturali, riconosciuti, i figli adottivi o affidati e i figli conviventi del coniuge deceduto. A seguito delle modifiche apportate dalla legge nazionale di bilancio per il 2025 all' articolo 12 del TUIR sono considerati figli a carico solo quelli con un'eta' inferiore a 30 anni ad eccezione di quelli con disabilita'. b) euro 250,00 per i contribuenti con figli a carico, portatori di handicap ai sensi dell' articolo 3 della legge 5 febbraio 1992, n. 104 (Legge-quadro per l'assistenza, l'integrazione sociale e i diritti delle persone handicappate), per ciascun figlio, compreso i figli naturali, riconosciuti, i figli adottivi o affidati. Ai fini della spettanza e della ripartizione delle detrazioni si applicano le disposizioni di cui all' art. 12 del TUIR. | F76: legge regionale 28 marzo 2022, n. 4 | H76: 1.62 | I76: fino a 15000.00 euro | J76: =+CONCATENATE(B76,"-",I76) -> REGIONE PIEMONTE-fino a 15000.00 euro
A77: 2025 | B77: REGIONE PIEMONTE | C77: 2147 | D77: 45957 | E77: Per il periodo di imposta 2025, sono confermate le seguenti detrazioni come misure di sostegno economico sociale: a) euro 100,00 per i contribuenti con piu' di tre figli a carico, per ciascun figlio a partire dal primo, compreso i figli naturali, riconosciuti, i figli adottivi o affidati e i figli conviventi del coniuge deceduto. A seguito delle modifiche apportate dalla legge nazionale di bilancio per il 2025 all' articolo 12 del TUIR sono considerati figli a carico solo quelli con un'eta' inferiore a 30 anni ad eccezione di quelli con disabilita'. b) euro 250,00 per i contribuenti con figli a carico, portatori di handicap ai sensi dell' articolo 3 della legge 5 febbraio 1992, n. 104 (Legge-quadro per l'assistenza, l'integrazione sociale e i diritti delle persone handicappate), per ciascun figlio, compreso i figli naturali, riconosciuti, i figli adottivi o affidati. Ai fini della spettanza e della ripartizione delle detrazioni si applicano le disposizioni di cui all' art. 12 del TUIR. | F77: legge regionale 28 marzo 2022, n. 4 | H77: 2.13 | I77: oltre 15000.00 e fino a 28000.00 euro | J77: =+CONCATENATE(B77,"-",I77) -> REGIONE PIEMONTE-oltre 15000.00 e fino a 28000.00 euro
A78: 2025 | B78: REGIONE PIEMONTE | C78: 2147 | D78: 45957 | E78: Per il periodo di imposta 2025, sono confermate le seguenti detrazioni come misure di sostegno economico sociale: a) euro 100,00 per i contribuenti con piu' di tre figli a carico, per ciascun figlio a partire dal primo, compreso i figli naturali, riconosciuti, i figli adottivi o affidati e i figli conviventi del coniuge deceduto. A seguito delle modifiche apportate dalla legge nazionale di bilancio per il 2025 all' articolo 12 del TUIR sono considerati figli a carico solo quelli con un'eta' inferiore a 30 anni ad eccezione di quelli con disabilita'. b) euro 250,00 per i contribuenti con figli a carico, portatori di handicap ai sensi dell' articolo 3 della legge 5 febbraio 1992, n. 104 (Legge-quadro per l'assistenza, l'integrazione sociale e i diritti delle persone handicappate), per ciascun figlio, compreso i figli naturali, riconosciuti, i figli adottivi o affidati. Ai fini della spettanza e della ripartizione delle detrazioni si applicano le disposizioni di cui all' art. 12 del TUIR. | F78: legge regionale 28 marzo 2022, n. 4 | H78: 2.75 | I78: oltre 28000.00 e fino a 50000.00 euro | J78: =+CONCATENATE(B78,"-",I78) -> REGIONE PIEMONTE-oltre 28000.00 e fino a 50000.00 euro
A79: 2025 | B79: REGIONE PIEMONTE | C79: 2147 | D79: 45957 | E79: Per il periodo di imposta 2025, sono confermate le seguenti detrazioni come misure di sostegno economico sociale: a) euro 100,00 per i contribuenti con piu' di tre figli a carico, per ciascun figlio a partire dal primo, compreso i figli naturali, riconosciuti, i figli adottivi o affidati e i figli conviventi del coniuge deceduto. A seguito delle modifiche apportate dalla legge nazionale di bilancio per il 2025 all' articolo 12 del TUIR sono considerati figli a carico solo quelli con un'eta' inferiore a 30 anni ad eccezione di quelli con disabilita'. b) euro 250,00 per i contribuenti con figli a carico, portatori di handicap ai sensi dell' articolo 3 della legge 5 febbraio 1992, n. 104 (Legge-quadro per l'assistenza, l'integrazione sociale e i diritti delle persone handicappate), per ciascun figlio, compreso i figli naturali, riconosciuti, i figli adottivi o affidati. Ai fini della spettanza e della ripartizione delle detrazioni si applicano le disposizioni di cui all' art. 12 del TUIR. | F79: legge regionale 28 marzo 2022, n. 4 | H79: 3.33 | I79: oltre 50000.00 euro | J79: =+CONCATENATE(B79,"-",I79) -> REGIONE PIEMONTE-oltre 50000.00 euro

Sheet 4-Add.Comunali
A1: CODICE_CATASTALE | B1: COMUNE | C1: PR | D1: NUMERO_DELIBERA | E1: DATA_DELIBERA | F1: DATA_PUBBLICAZIONE | G1: NOTE | H1: MULTIALIQ | I1: ALIQUOTA | J1: FASCIA | K1: ALIQUOTA_2 | L1: FASCIA_2 | M1: ALIQUOTA_3 | N1: FASCIA_3 | O1: ALIQUOTA_4 | P1: FASCIA_4 | Q1: ALIQUOTA_5 | R1: FASCIA_5 | S1: ALIQUOTA_6 | T1: FASCIA_6 | U1: ALIQUOTA_7 | V1: FASCIA_7 | W1: ALIQUOTA_8 | X1: FASCIA_8 | Y1: ALIQUOTA_9 | Z1: FASCIA_9 | AA1: ALIQUOTA_10 | AB1: FASCIA_10 | AC1: ALIQUOTA_11 | AD1: FASCIA_11 | AE1: ALIQUOTA_12 | AF1: FASCIA_12 | AG1: FLAG_NUOVA | AH1: IMPORTO_ESENTE
A2: A001 | B2: ABANO TERME | C2: PD | D2: 12 | E2: 43157 | F2: 46011 | G2: CONFERMA | H2: SI | I2: 0 | J2: Esenzione per redditi imponibili fino a euro 12.000,00 | K2: 0.8 | L2: Aliquota unica | AG2: 2 | AH2: 12000
A3: A004 | B3: ABBADIA CERRETO | C3: LO | D3: 29 | E3: 45259 | F3: 46011 | G3: CONFERMA | H3: SI | I3: 0 | J3: Esenzione per redditi imponibili fino a euro 10.000,00 | K3: 0.7 | L3: Aliquota unica | AG3: 2 | AH3: 10000
A4: A005 | B4: ABBADIA LARIANA | C4: LC | D4: 7 | E4: 45713 | F4: 45882 | G4: MODIFICA | H4: SI | I4: 0 | J4: Esenzione per redditi imponibili fino a euro 15.000,00 | K4: 0.76 | L4: Applicabile a scaglione di reddito fino a euro 28.000,00 | M4: 0.77 | N4: Applicabile a scaglione di reddito da euro 28.000,01 fino a euro 50.000,00 | O4: 0.8 | P4: Applicabile a scaglione di reddito oltre euro 50.000,00 | AG4: 4 | AH4: 15000
A5: A006 | B5: ABBADIA SAN SALVATORE | C5: SI | D5: 78 | E5: 45656 | F5: 45813 | G5: CONFERMA | H5: SI | I5: 0 | J5: Esenzione per redditi imponibili fino a euro 12.000,00 | K5: 0.6 | L5: Aliquota unica | AG5: 2 | AH5: 12000
A6: A007 | B6: ABBASANTA | C6: OR | D6: 29 | E6: 45608 | F6: 45678 | G6: CONFERMA | H6: SI | I6: 0 | J6: Esenzione per redditi imponibili fino a euro 15.000,00 | K6: 0.25 | L6: Aliquota unica | AG6: 2 | AH6: 15000
A7: A008 | B7: ABBATEGGIO | C7: PE | D7: 9 | E7: 45715 | F7: 45944 | G7: CONFERMA | H7: NO | I7: 0.5 | J7: Aliquota unica | AG7: 1 | AH7: 0
A8: A010 | B8: ABBIATEGRASSO | C8: MI | D8: 41 | E8: 44013 | F8: 46011 | G8: CONFERMA | H8: SI | I8: 0 | J8: Esenzione per redditi imponibili fino a euro 13.000,00 | K8: 0.8 | L8: Aliquota unica | AG8: 2 | AH8: 13000
A9: M376 | B9: ABETONE CUTIGLIANO | C9: PT | D9: 60 | E9: 45653 | F9: 45742 | G9: CONFERMA | H9: NO | I9: 0.8 | J9: Aliquota unica | AG9: 1 | AH9: 0
A10: A013 | B10: ABRIOLA | C10: PZ | D10: 16 | E10: 42209 | F10: 46011 | G10: NON APPLICA | H10: NO | I10: 0 | J10: Aliquota unica | AG10: 1 | AH10: 0
A11: A014 | B11: ACATE | C11: RG | D11: 6 | E11: 45698 | F11: 45714 | G11: CONFERMA | H11: NO | I11: 0.8 | J11: Aliquota unica | AG11: 1 | AH11: 0
A12: A015 | B12: ACCADIA | C12: FG | D12: 30 | E12: 45623 | F12: 45936 | G12: CONFERMA | H12: NO | I12: 0.8 | J12: Aliquota unica | AG12: 1 | AH12: 0
A13: A016 | B13: ACCEGLIO | C13: CN | D13: 8 | E13: 39172 | F13: 46011 | G13: NON APPLICA | H13: NO | I13: 0 | J13: Aliquota unica | AG13: 1 | AH13: 0
A14: A017 | B14: ACCETTURA | C14: MT | D14: 17 | E14: 44711 | F14: 46011 | G14: CONFERMA | H14: NO | I14: 0.7 | J14: Aliquota unica | AG14: 1 | AH14: 0
A15: A018 | B15: ACCIANO | C15: AQ | D15: 76 | E15: 45631 | F15: 45727 | G15: CONFERMA | H15: NO | I15: 0.2 | J15: Aliquota unica | AG15: 1 | AH15: 0
A16: A019 | B16: ACCUMOLI | C16: RI | D16: 8 | E16: 45757 | F16: 45944 | G16: CONFERMA | H16: NO | I16: 0.5 | J16: Aliquota unica | AG16: 1 | AH16: 0
A17: A020 | B17: ACERENZA | C17: PZ | D17: 52 | E17: 45289 | F17: 46011 | G17: CONFERMA | H17: NO | I17: 0.8 | J17: Aliquota unica | AG17: 1 | AH17: 0
A18: A023 | B18: ACERNO | C18: SA | D18: 4 | E18: 45736 | F18: 45840 | G18: CONFERMA | H18: SI | I18: 0 | J18: Esenzione per redditi imponibili fino a euro 7.500,00 | K18: 0.8 | L18: Aliquota unica | AG18: 2 | AH18: 7500
A19: A024 | B19: ACERRA | C19: NA | D19: 92 | E19: 45628 | F19: 46003 | G19: CONFERMA | H19: SI | I19: 0.8 | J19: Aliquota unica | K19: 0 | L19: Esenzione per i pensionati fino a un reddito da pensione di 8.500,00 euro | M19: 0 | N19: Esenzione per i redditi assimilati al lavoro dipendente 5.500,00 euro | O19: 0 | P19: Esenzione per i redditi di lavoratori dipendenti 8.174,00 euro | AG19: 5 | AH19: 0
A20: A025 | B20: ACI BONACCORSI | C20: CT | D20: 32 | E20: 45624 | F20: 45936 | G20: MODIFICA | H20: SI | I20: 0 | J20: Esenzione per redditi imponibili fino a euro 7.500,00 | K20: 0.75 | L20: Aliquota unica | AG20: 2 | AH20: 7500
A21: A026 | B21: ACI CASTELLO | C21: CT | D21: 19 | E21: 42809 | F21: 46011 | G21: CONFERMA | H21: NO | I21: 0.8 | J21: Aliquota unica | AG21: 1 | AH21: 0
A22: A027 | B22: ACI CATENA | C22: CT | D22: 67 | E22: 45239 | F22: 46011 | G22: CONFERMA | H22: NO | I22: 0.8 | J22: Aliquota unica | AG22: 1 | AH22: 0
A23: A029 | B23: ACI SANT'ANTONIO | C23: CT | D23: 6 | E23: 45029 | F23: 46011 | G23: CONFERMA | H23: NO | I23: 0.8 | J23: Aliquota unica | AG23: 1 | AH23: 0
A24: A028 | B24: ACIREALE | C24: CT | D24: 8 | E24: 45674 | F24: 45687 | G24: CONFERMA | H24: NO | I24: 0.8 | J24: Aliquota unica | AG24: 1 | AH24: 0
A25: A032 | B25: ACQUAFONDATA | C25: FR | D25: 27 | E25: 45289 | F25: 46011 | G25: CONFERMA | H25: SI | I25: 0 | J25: Esenzione per redditi imponibili fino a euro 9.999,99 | K25: 0.5 | L25: Aliquota unica | AG25: 2 | AH25: 9999.99
A26: A033 | B26: ACQUAFORMOSA | C26: CS | D26: 18 | E26: 44130 | F26: 46011 | G26: CONFERMA | H26: NO | I26: 0.8 | J26: Aliquota unica | AG26: 1 | AH26: 0
A27: A034 | B27: ACQUAFREDDA | C27: BS | D27: 37 | E27: 45654 | F27: 45931 | G27: DELIBERA ADOTTATA EX ART. 1, COMMA 751, L. 207/2024 | H27: SI | I27: 0.38 | J27: Applicabile a scaglione di reddito fino a euro 15.000,00 | K27: 0.4 | L27: Applicabile a scaglione di reddito da euro 15.000,01 fino ad euro 28.000,00 | M27: 0.45 | N27: Applicabile a scaglione di reddito da euro 28.000,01 fino a euro 50.000,00 | O27: 0.47 | P27: Applicabile a scaglione di reddito oltre euro 50.000,00 | AG27: 0 | AH27: 0
A28: A035 | B28: ACQUALAGNA | C28: PU | D28: 62 | E28: 45643 | F28: 45758 | G28: CONFERMA | H28: NO | I28: 0.8 | J28: Aliquota unica | AG28: 1 | AH28: 0
A29: A039 | B29: ACQUANEGRA CREMONESE | C29: CR | D29: 38 | E29: 45645 | F29: 45685 | G29: CONFERMA | H29: NO | I29: 0.8 | J29: Aliquota unica | AG29: 1 | AH29: 0
A30: A038 | B30: ACQUANEGRA SUL CHIESE | C30: MN | D30: 35 | E30: 45645 | F30: 45947 | G30: DELIBERA ADOTTATA EX ART. 1, COMMA 751, L. 207/2024 | H30: SI | I30: 0.55 | J30: Applicabile a scaglione di reddito fino a euro 15.000,00 | K30: 0.68 | L30: Applicabile a scaglione di reddito da euro 15.000,01 fino a euro 28.000,00 | M30: 0.72 | N30: Applicabile a scaglione di reddito da euro 28.000,01 fino a euro 50.000,00 | O30: 0.8 | P30: Applicabile a scaglione di reddito oltre euro 50.000,00 | Q30: 0 | R30: Esenzione per redditi imponibili fino a euro 10.000,00 | AG30: 0 | AH30: 0
A31: A040 | B31: ACQUAPENDENTE | C31: VT | D31: 13 | E31: 44314 | F31: 46011 | G31: CONFERMA | H31: NO | I31: 0.7 | J31: Aliquota unica | AG31: 1 | AH31: 0
A32: A041 | B32: ACQUAPPESA | C32: CS | D32: 3 | E32: 45722 | F32: 45944 | G32: CONFERMA | H32: NO | I32: 0.8 | J32: Aliquota unica | AG32: 1 | AH32: 0
A33: A043 | B33: ACQUARO | C33: VV | D33: 6 | E33: 45068 | F33: 46011 | G33: CONFERMA | H33: NO | I33: 0.8 | J33: Aliquota unica | AG33: 1 | AH33: 0
A34: A044 | B34: ACQUASANTA TERME | C34: AP | D34: 60 | E34: 45653 | F34: 45716 | G34: CONFERMA | H34: NO | I34: 0.8 | J34: Aliquota unica | AG34: 1 | AH34: 0
A35: A045 | B35: ACQUASPARTA | C35: TR | D35: 12 | E35: 39120 | F35: 46011 | G35: CONFERMA | H35: NO | I35: 0.8 | J35: Aliquota unica | AG35: 1 | AH35: 0
A36: A050 | B36: ACQUAVIVA COLLECROCE | C36: CB | D36: 9 | E36: 45713 | F36: 45937 | G36: MODIFICA | H36: NO | I36: 0.6 | J36: Aliquota unica | AG36: 1 | AH36: 0
A37: A048 | B37: ACQUAVIVA DELLE FONTI | C37: BA | D37: 90 | E37: 45279 | F37: 46011 | G37: DELIBERA ADOTTATA EX ART. 1, COMMA 751, L. 207/2024 | H37: SI | I37: 0.4 | J37: Applicabile a scaglione di reddito fino a euro 15.000,00 | K37: 0.6 | L37: Applicabile a scaglione di reddito da euro 15.000,01 fino a euro 28.000,00 | M37: 0.7 | N37: Applicabile a scaglione di reddito da euro 28.000,01 fino a euro 50.000,00 | O37: 0.8 | P37: Applicabile a scaglione di reddito oltre euro 50.000,00 | Q37: 0 | R37: Esenzione per redditi imponibili fino a euro 9.000,00 | AG37: 0 | AH37: 0
A38: A051 | B38: ACQUAVIVA D'ISERNIA | C38: IS | H38: NO | I38: 0* | AH38: 0
A39: A047 | B39: ACQUAVIVA PICENA | C39: AP | D39: 34 | E39: 45625 | F39: 45665 | G39: CONFERMA | H39: NO | I39: 0.8 | J39: Aliquota unica | AG39: 1 | AH39: 0
A40: A049 | B40: ACQUAVIVA PLATANI | C40: CL | H40: NO | I40: 0* | AH40: 0
A41: M211 | B41: ACQUEDOLCI | C41: ME | D41: 49 | E41: 45566 | F41: 45649 | G41: MODIFICA | H41: SI | I41: 0.8 | J41: Aliquota unica | K41: 0 | L41: Esenzione per i contribuenti con reddito imponibile, ai fini dell'addizionale comunale all'irpef, derivante da lavoro dipendente od assimilato o da pensione, non superiore ad euro 10.750.00 | AG41: 5 | AH41: 0
A42: A052 | B42: ACQUI TERME | C42: AL | D42: 18 | E42: 43551 | F42: 46011 | G42: CONFERMA | H42: NO | I42: 0.8 | J42: Aliquota unica | AG42: 1 | AH42: 0
A43: A053 | B43: ACRI | C43: CS | D43: 64 | E43: 45289 | F43: 46011 | G43: CONFERMA | H43: NO | I43: 0.8 | J43: Aliquota Unica | AG43: 1 | AH43: 0
A44: A054 | B44: ACUTO | C44: FR | D44: 49 | E44: 45288 | F44: 46011 | G44: CONFERMA | H44: SI | I44: 0 | J44: Esenzione per redditi imponibili fino a euro 13.000,00 | K44: 0.8 | L44: Aliquota unica | AG44: 2 | AH44: 13000
A45: A055 | B45: ADELFIA | C45: BA | D45: 31 | E45: 45625 | F45: 45737 | G45: CONFERMA | H45: NO | I45: 0.7 | J45: Aliquota unica | AG45: 1 | AH45: 0
A46: A056 | B46: ADRANO | C46: CT | D46: 67 | E46: 42720 | F46: 46011 | G46: CONFERMA | H46: NO | I46: 0.8 | J46: Aliquota unica | AG46: 1 | AH46: 0
A47: A057 | B47: ADRARA SAN MARTINO | C47: BG | D47: 32 | E47: 45642 | F47: 45824 | G47: CONFERMA | H47: SI | I47: 0 | J47: Esenzione per redditi imponibili fino a euro 15.000,00 | K47: 0.8 | L47: Aliquota unica | AG47: 2 | AH47: 15000
A48: A058 | B48: ADRARA SAN ROCCO | C48: BG | D48: 2 | E48: 45716 | F48: 45817 | G48: CONFERMA | H48: NO | I48: 0.8 | J48: Aliquota unica | AG48: 1 | AH48: 0
A49: A059 | B49: ADRIA | C49: RO | D49: 33 | E49: 41052 | F49: 46011 | G49: CONFERMA | H49: NO | I49: 0.8 | J49: Aliquota unica | AG49: 1 | AH49: 0
A50: A060 | B50: ADRO | C50: BS | D50: 48 | E50: 45645 | F50: 45684 | G50: DELIBERA ADOTTATA EX ART. 1, COMMA 751, L. 207/2024 | H50: SI | I50: 0.5 | J50: Applicabile a Scaglione da 0 a 15.000,00 | K50: 0.6 | L50: Applicabile a scaglione da 15.001,00 a 28.000,00 | M50: 0.7 | N50: Applicabile a scaglione da 28.001,00 a 50.000,00 | O50: 0.8 | P50: Applicabile a scaglione oltre 50.000,00 | Q50: 0 | R50: Esenzione per redditi imponibili fino a euro 15.000,00 | AG50: 0 | AH50: 0
A51: A061 | B51: AFFI | C51: VR | D51: 11 | E51: 45370 | F51: 46011 | G51: CONFERMA | H51: SI | I51: 0.3 | J51: Applicabile a da euro 0.00 ad euro 28000.00 | K51: 0.5 | L51: Applicabile a da euro 28000,01 ad euro 50000.00 | M51: 0.8 | N51: Applicabile a da euro 50000.01 | O51: 0 | P51: Esenzione per redditi imponibili fino a euro 10.000,00 | AG51: 0 | AH51: 0
A52: A062 | B52: AFFILE | C52: RM | D52: 26 | E52: 45646 | F52: 45677 | G52: CONFERMA | H52: NO | I52: 0.8 | J52: Aliquota unica | AG52: 1 | AH52: 0
A53: A064 | B53: AFRAGOLA | C53: NA | D53: 78 | E53: 45636 | F53: 45665 | G53: CONFERMA | H53: NO | I53: 0.8 | J53: Aliquota unica | AG53: 1 | AH53: 0
A54: A065 | B54: AFRICO | C54: RC | D54: 23 | E54: 44280 | F54: 46011 | G54: CONFERMA | H54: SI | I54: 0 | J54: Esenzione per redditi imponibili fino a euro 7.999,99 | K54: 0.8 | L54: Aliquota unica | AG54: 2 | AH54: 7999.99
A55: A067 | B55: AGAZZANO | C55: PC | D55: 24 | E55: 45642 | F55: 45966 | G55: CONFERMA | H55: SI | I55: 0 | J55: Esenzione per redditi imponibili fino a euro 10.000,00 | K55: 0.8 | L55: Aliquota unica | AG55: 2 | AH55: 10000
A56: A068 | B56: AGEROLA | C56: NA | D56: 52 | E56: 45594 | F56: 45840 | G56: CONFERMA | H56: SI | I56: 0 | J56: Esenzione per redditi imponibili fino a euro 9.000,00 | K56: 0.7 | L56: Aliquota unica | AG56: 2 | AH56: 9000
A57: A069 | B57: AGGIUS | C57: SS | D57: 14 | E57: 40596 | F57: 46011 | G57: CONFERMA | H57: NO | I57: 0.2 | J57: Aliquota unica | AG57: 1 | AH57: 0
A58: A070 | B58: AGIRA | C58: EN | D58: 34 | E58: 44711 | F58: 46011 | G58: CONFERMA | H58: SI | I58: 0 | J58: Esenzione per redditi imponibili fino a euro 15.000,00 | K58: 0.8 | L58: Aliquota unica | AG58: 2 | AH58: 15000
A59: A071 | B59: AGLIANA | C59: PT | D59: 22 | E59: 41402 | F59: 46011 | G59: CONFERMA | H59: NO | I59: 0.8 | J59: Aliquota unica | AG59: 1 | AH59: 0
A60: A072 | B60: AGLIANO TERME | C60: AT | D60: 40 | E60: 45643 | F60: 45754 | G60: CONFERMA | H60: NO | I60: 0.7 | J60: Aliquota unica | AG60: 1 | AH60: 0
A61: A074 | B61: AGLIE' | C61: TO | D61: 34 | E61: 45653 | F61: 45754 | G61: CONFERMA | H61: NO | I61: 0.8 | J61: Aliquota unica | AG61: 1 | AH61: 0
A62: H848 | B62: AGLIENTU | C62: SS | H62: NO | I62: 0* | AH62: 0
A63: A075 | B63: AGNA | C63: PD | D63: 2 | E63: 45365 | F63: 46011 | G63: CONFERMA | H63: NO | I63: 0.78 | J63: Aliquota unica | AG63: 1 | AH63: 0
A64: A076 | B64: AGNADELLO | C64: CR | D64: 39 | E64: 45621 | F64: 45678 | G64: CONFERMA | H64: SI | I64: 0 | J64: Esenzione per redditi imponibili fino a euro 13.499,99 | K64: 0.7 | L64: Aliquota unica | AG64: 2 | AH64: 13499.99
A65: A077 | B65: AGNANA CALABRA | C65: RC | D65: 5 | E65: 45062 | F65: 46011 | G65: CONFERMA | H65: NO | I65: 0.8 | J65: Aliquota unica | AG65: 1 | AH65: 0
A66: A080 | B66: AGNONE | C66: IS | D66: 27 | E66: 45575 | F66: 45666 | G66: CONFERMA | H66: NO | I66: 0.6 | J66: Aliquota unica | AG66: 1 | AH66: 0
A67: A082 | B67: AGNOSINE | C67: BS | D67: 46 | E67: 45642 | F67: 45702 | G67: CONFERMA | H67: NO | I67: 0.5 | J67: Aliquota unica | AG67: 1 | AH67: 0
A68: A083 | B68: AGORDO | C68: BL | D68: 39 | E68: 45656 | F68: 45700 | G68: DELIBERA ADOTTATA EX ART. 1, COMMA 751, L. 207/2024 | H68: SI | I68: 0.63 | J68: Applicabile a FINO A 15.000,00 | K68: 0.76 | L68: Applicabile a DA 15.001,00 A 28.000,00 | M68: 0.79 | N68: Applicabile a DAL 28.001,00 A 50.000,00 | O68: 0.8 | P68: Applicabile a OLTRE 50.000,00 | Q68: 0 | R68: Esenzione per redditi imponibili fino a euro 10.000,00 | AG68: 0 | AH68: 0
A69: A084 | B69: AGOSTA | C69: RM | D69: 35 | E69: 45639 | F69: 45677 | G69: MODIFICA | H69: SI | I69: 0 | J69: Esenzione per redditi imponibili fino a euro 10.000,00 | K69: 0.8 | L69: Aliquota unica | AG69: 2 | AH69: 10000
A70: A085 | B70: AGRA | C70: VA | D70: 2 | E70: 45688 | F70: 45874 | G70: CONFERMA | H70: SI | I70: 0 | J70: Esenzione per redditi imponibili fino a euro 15.000,00 | K70: 0.3 | L70: Aliquota unica | AG70: 2 | AH70: 15000
A71: A087 | B71: AGRATE BRIANZA | C71: MB | D71: 80 | E71: 45645 | F71: 45677 | G71: CONFERMA | H71: SI | I71: 0 | J71: Esenzione per redditi imponibili fino a euro 15.000,00 | K71: 0.8 | L71: Aliquota unica | AG71: 2 | AH71: 15000
A72: A088 | B72: AGRATE CONTURBIA | C72: NO | D72: 42 | E72: 43826 | F72: 46011 | G72: DELIBERA ADOTTATA EX ART. 1, COMMA 751, L. 207/2024 | H72: SI | I72: 0.4 | J72: Applicabile a scaglione di reddito fino a euro 15.000,00 | K72: 0.65 | L72: Applicabile a scaglione di reddito da euro 15.000,01 fino a euro 28.000,00 | M72: 0.8 | N72: Applicabile a scaglione di reddito da euro 28.000,01 fino a euro 50.000,00 | O72: 0.8 | P72: Applicabile a scaglione di reddito oltre euro 50.000,00 | Q72: 0 | R72: Esenzione per redditi imponibili fino a euro 10.000,00 | AG72: 0 | AH72: 0
A73: A089 | B73: AGRIGENTO | C73: AG | D73: 126 | E73: 41179 | F73: 46011 | G73: CONFERMA | H73: SI | I73: 0 | J73: Esenzione per redditi imponibili fino a euro 7.499,99 | K73: 0.8 | L73: Aliquota unica | AG73: 2 | AH73: 7499.99
A74: A091 | B74: AGROPOLI | C74: SA | D74: 11 | E74: 44250 | F74: 46011 | G74: CONFERMA | H74: SI | I74: 0 | J74: Esenzione per redditi imponibili fino a euro 7.500,00 | K74: 0.8 | L74: Aliquota unica | AG74: 2 | AH74: 7500
A75: A092 | B75: AGUGLIANO | C75: AN | D75: 53 | E75: 45646 | F75: 45700 | G75: CONFERMA | H75: NO | I75: 0.8 | J75: Aliquota unica | AG75: 1 | AH75: 0
A76: A093 | B76: AGUGLIARO | C76: VI | D76: 37 | E76: 45643 | F76: 45713 | G76: MODIFICA | H76: SI | I76: 0.5 | J76: Applicabile a scaglione di reddito fino a euro 28.000,00 | K76: 0.6 | L76: Applicabile a scaglione di reddito da euro 28.000,01 fino a euro 50.000,00 | M76: 0.7 | N76: Applicabile a scaglione di reddito oltre euro 50.000,00 | AG76: 3 | AH76: 0
A77: A096 | B77: AICURZIO | C77: MB | D77: 45 | E77: 45646 | F77: 45882 | G77: CONFERMA | H77: NO | I77: 0.8 | J77: Aliquota unica | AG77: 1 | AH77: 0
A78: A097 | B78: AIDOMAGGIORE | C78: OR | H78: NO | I78: 0* | AH78: 0
A79: A098 | B79: AIDONE | C79: EN | D79: 35 | E79: 44195 | F79: 46011 | G79: CONFERMA | H79: NO | I79: 0.8 | J79: Aliquota unica | AG79: 1 | AH79: 0
A80: A100 | B80: AIELLI | C80: AQ | D80: 7 | E80: 45345 | F80: 46011 | G80: CONFERMA | H80: NO | I80: 0.2 | J80: Aliquota unica | AG80: 1 | AH80: 0
A81: A102 | B81: AIELLO CALABRO | C81: CS | D81: 5 | E81: 39940 | F81: 46011 | G81: CONFERMA | H81: NO | I81: 0.5 | J81: Aliquota unica | AG81: 1 | AH81: 0
A82: A103 | B82: AIELLO DEL FRIULI | C82: UD | D82: 48 | E82: 44924 | F82: 46011 | G82: DELIBERA ADOTTATA EX ART. 1, COMMA 751, L. 207/2024 | H82: SI | I82: 0.2 | J82: Applicabile a scaglione di reddito fino a euro 15.000,00 | K82: 0.35 | L82: Applicabile a scaglione di reddito da euro 15.000,01 fino a euro 28.000,00 | M82: 0.45 | N82: Applicabile a scaglione di reddito da euro 28.000,01 fino a euro 50.000,00 | O82: 0.65 | P82: Applicabile a scaglione di reddito oltre euro 50.000,00 | Q82: 0 | R82: Esenzione per redditi imponibili fino a euro 15.000,00 | AG82: 0 | AH82: 0
A83: A101 | B83: AIELLO DEL SABATO | C83: AV | D83: 8 | E83: 44280 | F83: 46011 | G83: CONFERMA | H83: NO | I83: 0.8 | J83: Aliquota unica | AG83: 1 | AH83: 0
A84: A105 | B84: AIETA | C84: CS | D84: 21 | E84: 45645 | F84: 45846 | G84: DELIBERA ADOTTATA EX ART. 1, COMMA 751, L. 207/2024 | H84: SI | I84: 0.4 | J84: Applicabile a scaglione di reddito fino a euro 15.000,00 | K84: 0.6 | L84: Applicabile a scaglione di reddito da euro 15.000,01 fino a euro 28.000,00 | M84: 0.65 | N84: Applicabile a scaglione di reddito da euro 28.000,01 fino a euro 50.000,00 | O84: 0.8 | P84: Applicabile a scaglione di reddito oltre euro 50.000,00 | Q84: 0 | R84: Esenzione per redditi imponibili fino a euro 9.500,00 | AG84: 0 | AH84: 0
A85: A106 | B85: AILANO | C85: CE | D85: 8 | E85: 43552 | F85: 46011 | G85: CONFERMA | H85: NO | I85: 0.8 | J85: Aliquota unica | AG85: 1 | AH85: 0
A86: A107 | B86: AILOCHE | C86: BI | D86: 23 | E86: 45280 | F86: 46011 | G86: CONFERMA | H86: NO | I86: 0.6 | J86: Aliquota unica | AG86: 1 | AH86: 0
A87: A109 | B87: AIRASCA | C87: TO | D87: 4 | E87: 45713 | F87: 45722 | G87: CONFERMA | H87: SI | I87: 0 | J87: Esenzione per redditi imponibili fino a euro 10.000,00 | K87: 0.6 | L87: Aliquota unica | AG87: 2 | AH87: 10000
A88: A110 | B88: AIROLA | C88: BN | D88: 10 | E88: 45712 | F88: 45735 | G88: CONFERMA | H88: NO | I88: 0.8 | J88: Aliquota unica | AG88: 1 | AH88: 0
A89: A111 | B89: AIROLE | C89: IM | D89: 43 | E89: 45653 | F89: 45685 | G89: CONFERMA | H89: SI | I89: 0 | J89: Esenzione per redditi imponibili fino a euro 10.000,00 | K89: 0.8 | L89: Aliquota unica | AG89: 2 | AH89: 10000
A90: A112 | B90: AIRUNO | C90: LC | D90: 52 | E90: 45649 | F90: 45677 | G90: DELIBERA ADOTTATA EX ART. 1, COMMA 751, L. 207/2024 | H90: SI | I90: 0.33 | J90: Applicabile a scaglione di reddito fino a euro 15.000,00 | K90: 0.35 | L90: Applicabile a scaglione di reddito da euro 15.000,01 fino a euro 28.000,00 | M90: 0.5 | N90: Applicabile a scaglione di reddito da euro 28.000,01 fino a euro 50.000,00 | O90: 0.8 | P90: Applicabile a scaglione di reddito oltre euro 50.000,00 | AG90: 0 | AH90: 0
A91: A113 | B91: AISONE | C91: CN | D91: 20 | E91: 45643 | F91: 45672 | G91: NON APPLICA | H91: NO | I91: 0 | J91: Aliquota unica | AG91: 1 | AH91: 0
A92: A116 | B92: ALA | C92: TN | D92: 10 | E92: 40631 | F92: 46011 | G92: NON APPLICA | H92: NO | I92: 0 | J92: Aliquota unica | AG92: 1 | AH92: 0
A93: A115 | B93: ALA' DEI SARDI | C93: SS | H93: NO | I93: 0* | AH93: 0
A94: A117 | B94: ALA DI STURA | C94: TO | H94: NO | I94: 0* | AH94: 0
A95: A118 | B95: ALAGNA | C95: PV | D95: 37 | E95: 45653 | F95: 45684 | G95: CONFERMA | H95: NO | I95: 0.65 | J95: Aliquota unica | AG95: 1 | AH95: 0
A96: A119 | B96: ALAGNA VALSESIA | C96: VC | D96: 4 | E96: 45358 | F96: 46011 | G96: CONFERMA | H96: NO | I96: 0.3 | J96: Aliquota unica | AG96: 1 | AH96: 0
A97: A120 | B97: ALANNO | C97: PE | D97: 78 | E97: 45649 | F97: 45678 | G97: CONFERMA | H97: SI | I97: 0 | J97: Esenzione per redditi imponibili fino a euro 12.000,00 | K97: 0.8 | L97: Aliquota unica | AG97: 2 | AH97: 12000
A98: A122 | B98: ALASSIO | C98: SV | D98: 92 | E98: 45649 | F98: 45684 | G98: CONFERMA | H98: SI | I98: 0 | J98: Esenzione per redditi imponibili fino a euro 15.000,00 | K98: 0.8 | L98: Aliquota unica | AG98: 2 | AH98: 15000
A99: A123 | B99: ALATRI | C99: FR | D99: 68 | E99: 45280 | F99: 46011 | G99: CONFERMA | H99: SI | I99: 0 | J99: Esenzione per redditi imponibili fino a euro 8.500,00 | K99: 0.8 | L99: Aliquota unica | AG99: 2 | AH99: 8500
A100: A124 | B100: ALBA | C100: CN | D100: 88 | E100: 45646 | F100: 45803 | G100: MODIFICA | H100: SI | I100: 0.4 | J100: Applicabile a scaglione di reddito fino a euro 28.000,00 | K100: 0.5 | L100: Applicabile a scaglione di reddito da euro 28.000,01 fino a euro 50.000,00 | M100: 0.7 | N100: Applicabile a scaglione di reddito oltre euro 50.000,00 | AG100: 3 | AH100: 0
...

Sheet 5-IRAP
A1: REGIONE | B1: CODICE | C1: REGIONE | D1: % IRAP
A2: REGIONE ABRUZZO | B2: 1 | C2: ABRUZZO | D2: 0.0482
A3: REGIONE BASILICATA | B3: 2 | C3: BASILICATA | D3: 0.039
A4: PROVINCIA AUTONOMA DI BOLZANO | B4: 3 | C4: BOLZANO | D4: 0.039
A5: REGIONE CALABRIA | B5: 4 | C5: CALABRIA | D5: 0.0497
A6: REGIONE CAMPANIA | B6: 5 | C6: CAMPANIA | D6: 0.0497
A7: REGIONE EMILIA-ROMAGNA | B7: 6 | C7: EMILIA ROMAGNA | D7: 0.039
A8: REGIONE FRIULI VENEZIA GIULIA | B8: 7 | C8: FRIULI VENEZIA GIULIA | D8: 0.039
A9: REGIONE LAZIO | B9: 8 | C9: LAZIO | D9: 0.0482
A10: REGIONE LIGURIA | B10: 9 | C10: LIGURIA | D10: 0.039
A11: REGIONE LOMBARDIA | B11: 10 | C11: LOMBARDIA | D11: 0.039
A12: REGIONE MARCHE | B12: 11 | C12: MARCHE | D12: 0.0473
A13: REGIONE MOLISE | B13: 12 | C13: MOLISE | D13: 0.0497
... A22: REGIONE VENETO | B22: 21 | C22: VENETO | D22: 0.039

Sheet 6-VARIABILI
A1: Anno | B1: Imponibile
A2: 2023 | B2: 0.5 | D2: Si
A3: 2024 | B3: 0.5 | D3: No
A4: 2025 | B4: 0.5 | D4: Si
A5: =+A4+1 -> 2026 | B5: 0.5 | D5: Si
A6: =+A5+1 -> 2027 | B6: 0.5 | D6: Si
A7: =+A6+1 -> 2028 | B7: 1
A8: =+A7+1 -> 2029 | B8: 1
A9: =+A8+1 -> 2030 | B9: 1
A10: =+A9+1 -> 2031 | B10: 1
A11: =+A10+1 -> 2032 | B11: 1
A12: =+A11+1 -> 2033 | B12: 1
A16: Mese
A17: Gennaio
A18: Febbraio
A19: Marzo
A20: Aprile
A21: Maggio
A22: Giugno
A23: Luglio
A24: Agosto
A25: Settembre
A26: Ottobre
A27: Novembre
... A31: Annuale
